Workbook

Sheet Hoja1
A1: FORTALECIMIENTO TÉCNICO PARA LA TRANSFORMACION DE PRODUCTOS AGROPECUARIOS DE LOS SECTORES CAFETERO y CEREALERO MEDIANTE LA DOTACIÓN DE ACTIVOS PRODUCTIVOS A PEQUEÑOS Y MEDIANOS PRODUCTORES EN EL DEPARTAMENTO DEL HUILA
I3: ENVIADOS | K3: RECIBIDOS
A4: ITEM | C4: MUNICIPIOS BENEFICIADOS | D4: EQUIPO Y/O MAQUINARIA | E4: CANTIDAD | F4: VALOR UNITARIO | G4: VALOR TOTAL | I4: FORMATO CARACERIZACION | J4: FORMATO CONCERTACION | K4: FORMATO CARACERIZACION | L4: FORMATO CONCERTACION | N4: No. De Beneficiarios | O4: No. Asociaciones | R4: No. De Beneficiarios | S4: No. Asociaciones
C5: TORREFACTORAS Y LABORATORIO | G5: =SUM(G6:G9) -> 4.0308812e+08
A6: 1 | B6: ASOPRIMAVERAL | C6: ACEVEDO | D6: TORREFACTORA | E6: 1 | F6: =+'Hoja V2'!F16/3 -> 50180350 | G6: =+F6*E6 -> 50180350 | I6: X | K6: X | N6: 36 | O6: 1 | R6: 36 | S6: 1
A7: 2 | B7: MUJERES CAFETERAS DEL NOROCCIDENTE DEL HUILA | C7: PALERMO | D7: TORREFACTORA Y LABORATORIO | E7: 1 | F7: =+F6+('Hoja V2'!F22/3) -> 1.3436271e+08 | G7: =+F7*E7 -> 1.3436271e+08 | I7: X | J7: X | K7: X | N7: 36 | O7: 1 | R7: 36 | S7: 1
A8: 3 | B8: JOVENES CAFETEROS DE TERUEL | C8: TERUEL | D8: TORREFACTORA Y LABORATORIO | E8: 1 | F8: =+F7 -> 1.3436271e+08 | G8: =+F8*E8 -> 1.3436271e+08 | I8: X | J8: X | K8: X | N8: 13 | O8: 1 | R8: 13 | S8: 1
A9: 4 | B9: ASOCIACION DE PRODUTORES LA VICTORIA | C9: SANTA MARIA | D9: LABORATORIO | E9: 1 | F9: =+'Hoja V2'!F22/3 -> 84182358 | G9: =+F9*E9 -> 84182358 | I9: X | J9: X | K9: X | N9: 80 | O9: 1 | R9: 80 | S9: 1
C10: EMPACADORAS DE FRIJOL | G10: =SUM(G12:G15) -> 231594000 | N10: =SUM(N5:N9) -> 165 | O10: =SUM(O5:O9) -> 4 | P10: =+N10*4 -> 660 | R10: =SUM(R5:R9) -> 165 | S10: =SUM(S5:S9) -> 4 | T10: =+R10*4 -> 660
A11: 5 | B11: FENALCE | C11: SANTA MARIA | D11: EMPACADORA DE FRIJOL Y EMPAQUES | E11: 1 | I11: X | J11: X | K11: X | L11: X | N11: 29 | O11: 1
A12: 6 | C12: COLOMBIA | D12: EMPACADORA DE FRIJOL Y EMPAQUES | E12: 2 | F12: =+'Hoja V2'!E7+3011250 -> 28949250 | G12: =+F12*E12 -> 57898500 | I12: X | J12: X | K12: X | L12: X | N12: 67 | O12: 1 | R12: 67 | S12: 2
A13: 7 | C13: LA PLATA | D13: EMPACADORA DE FRIJOL Y EMPAQUES | E13: 2 | F13: =+F12 -> 28949250 | G13: =+F13*E13 -> 57898500 | I13: X | K13: X | N13: 31 | O13: 2 | R13: 31 | S13: 2
A14: 8 | C14: PITAL | D14: EMPACADORA DE FRIJOL Y EMPAQUES | E14: 1 | F14: =+F15 -> 28949250 | G14: =+F14*E14 -> 28949250 | I14: X | K14: X | N14: 50 | O14: 1 | R14: 50 | S14: 1
A15: 8 | C15: SAN AGUSTIN | D15: EMPACADORA DE FRIJOL Y EMPAQUES | E15: 3 | F15: =+F13 -> 28949250 | G15: =+F15*E15 -> 86847750 | I15: X | K15: X | N15: 65 | O15: 3 | R15: 65 | S15: 3
C16: SILOS | G16: =SUM(G17:G28) -> 818280000 | N16: =SUM(N11:N15) -> 242 | O16: =SUM(O11:O15) -> 8 | P16: =+N16*4 -> 968 | R16: =SUM(R12:R15) -> 213 | S16: =SUM(S12:S15) -> 8 | T16: =+R16*4 -> 852
A17: 9 | B17: ALIMUCAES | C17: COLOMBIA (EL PLAYON) | D17: SILOS DE 1 TON/DIA | E17: 1 | F17: =+'Hoja V2'!E12 -> 40810000 | G17: =+F17*E17 -> 40810000 | I17: X | J17: X | K17: X | L17: X | N17: 51 | O17: 1 | R17: 51 | S17: 2
A18: 10 | B18: ASOBOQUERON | C18: COLOMBIA (BOQUERON) | D18: SILOS DE 1 TON/DIA | E18: 1 | I18: X | N18: 42 | O18: 1
A19: 11 | B19: ASOPROGRESO | C19: IQUIRA | D19: SILOS DE 3 TON/DIA | E19: 1 | F19: =+'Hoja V2'!E14 -> 71060000 | G19: =+F19 -> 71060000 | I19: X | K19: X | N19: 50 | O19: 1 | R19: 50 | S19: 1
A20: 12 | C20: TARQUI COOCENTRAL | D20: SISTEMAS DE SECADO | E20: 2 | F20: 0 | G20: =+F20 -> 0 | I20: X | K20: X | N20: 0 | O20: 0 | R20: 482 | S20: 1
A21: 13 | B21: APROJUN | C21: TELLO | D21: SILOS DE 3 TON/DIA | E21: 1 | F21: =+F19 -> 71060000 | G21: =+F21 -> 71060000 | I21: X | J21: X | K21: X | L21: X | N21: 49 | O21: 1 | R21: 49 | S21: 1
A22: 14 | C22: PITALITO CADEFIHUILA | D22: SISTEMAS DE SECADO | E22: 4 | F22: 0 | G22: =+F22 -> 0 | I22: X | K22: X | N22: 0 | O22: 0 | R22: 50 | S22: 1
A23: 15 | B23: AGROMESON | C23: NEIVA | D23: SILOS DE 3 TON/DIA | E23: 1 | F23: =+F21 -> 71060000 | G23: =+F23 -> 71060000 | I23: X | J23: X | K23: X | N23: 43 | O23: 1 | R23: 43 | S23: 1
A24: 16 | B24: ZAHO | C24: SANTA MARIA | D24: SILOS DE 1 TON/DIA | E24: 5 | F24: =+'Hoja V2'!E12 -> 40810000 | G24: =+F24*E24 -> 204050000 | I24: X | J24: X | K24: X | N24: 25 | O24: 1 | R24: 25 | S24: 5
A25: 17 | B25: AMURAPAZ | C25: NEIVA (AIPECITO) | D25: SILOS DE 2 TON/DIA | E25: 1 | F25: =+'Hoja V2'!E13 -> 55440000 | G25: =+F25 -> 55440000 | I25: X | J25: X | K25: X | N25: 26 | O25: 1 | R25: 26 | S25: 1
A26: 18 | B26: ASOPROSAM | C26: TIMANA | D26: SILOS DE 2 TON/DIA | E26: 2 | F26: =+'Hoja V2'!E13 -> 55440000 | G26: =+F26*E26 -> 110880000 | I26: X | J26: X | K26: X | N26: =21+20 -> 41 | O26: 2 | R26: 41 | S26: 2
A27: 19 | B27: MUJERES EMPRENDEDORAS DE TERUEL | C27: TERUEL | D27: SILOS DE 5 TON/DIA | E27: 1 | F27: =+'Hoja V2'!E15 -> 96960000 | G27: =+F27 -> 96960000 | I27: X | J27: X | K27: X | N27: 32 | O27: 1
A28: 20 | B28: ATCH | C28: PALERMO | D28: SILOS DE 5 TON/DIA | E28: 1 | F28: =+F27 -> 96960000 | G28: =+F28 -> 96960000 | I28: X | J28: X | K28: X | N28: 40 | O28: 1
G29: =+G5+G16+G10 -> 1452962123 | N29: =SUM(N17:N28) -> 399 | O29: =SUM(O17:O28) -> 11 | P29: =+N29*4 -> 1596 | R29: =SUM(R17:R26) -> 817 | S29: =SUM(S17:S26) -> 15 | T29: =+R29*4 -> 3268
N30: =+N29+N16+N10 -> 806 | O30: =+O29+O16+O10 -> 23 | P30: =SUM(P10:P29) -> 3224 | R30: =+R29+R16+R10 -> 1195 | S30: =+S29+S16+S10 -> 27 | T30: =SUM(T10:T29) -> 4780
A32: CENTRALES DE BENEFICIO
A34: ITEM | C34: MUNICIPIOS BENEFICIADOS | D34: EQUIPO Y/O MAQUINARIA | E34: CANTIDAD | F34: VALOR UNITARIO | G34: VALOR TOTAL
A35: 18 | C35: TARQUI COOCENTRAL | D35: CENTRAL DE BENEFICIO HUMEDO | E35: 1 | F35: 300000000 | G35: =+F35*E35 -> 300000000
A36: 19 | C36: PITALITO CADEFIHUILA | D36: CENTRAL DE BENEFICIO HUMEDO | E36: 1 | F36: 450000000 | G36: =+F36*E36 -> 450000000
G37: =SUM(G35:G36) -> 750000000
C44: Revisión y Estructuración proyecto "DOTACION DE MAQUINARIA Y EQUIPOS A PRODUCTORES DE CAFÉ, FRIJOL Y ARROZ PARA LA TRANSFORMACION DE PRODUCTOS AGROPECUARIOS EN EL DEPARTAMENTO DEL HUILA".
C52: MUNICPIOS | D52: LOCALIZACION ESPECIFICA | E52: BENEFICIARIOS | F52: AREA SEMBRADA | N52: =+N30-E67 -> 0
A53: 1 | C53: ACEVEDO | D53: Victoria, Corinto, Rosario, Santo Domingo, El Carmen, La Esmeralda, Primavera, Villanueva, Marticas, Las Mercedes, Horizonte, Minas, Bolivar, Los Angeles | E53: =+N6 -> 36 | F53: 13731
A54: 2 | C54: PALERMO | D54: El Vergel, La lindosa, Bajo San Pedro, El Jordán, El Mirador, Alto San Pedro, El Dorado, La Lupa, Alto Paraguay, Los Pinos, Horizonte, Guasimos, El Libano, La Florida, Alto Pinares, Brisas del Carmen, Ospina Perez | E54: =+N7+N28 -> 76 | F54: 2510 | Q54: =213*3 -> 639 | R54: =+Q54*1.4 -> 894.6
A55: 3 | C55: TERUEL | D55: Yarumal, Primavera, Beberrecio, Corrales, La Maria, Estambul, La Floresta, Arrayanes, Rio Iquira, Pedernal, Gualpi, San José, Alto Primavera, Paraiso, Portachuelo, Sinai, Yarumal | E55: =+N27+N8 -> 45 | F55: 2735 | N55: =+P30 -> 3224
A56: 4 | C56: COLOMBIA | D56: Las Mercedes, Zaragoza, El Playón, Armenia, Bernaza, San Ambrosio, Potrero Grande, Azucaral, Boquerón, El Valle, Antillas, Holanda, El Paraiso, Santa Ana, Nueva Granada, San Emilio | E56: =+N12+N17+N18 -> 160 | F56: 4357
A57: 5 | C57: LA PLATA | D57: Santa Marta, Buenos Aires, El Porvenir, El Roble, San Miguel | E57: =+N13 -> 31 | F57: 4630 | M57: H | N57: =+N55*O69 -> 1579.9551 | O57: =+N57 -> 1579.9551
A58: 6 | C58: PITAL | D58: El Recreo, Alto Carmelo, Alto Líbano, Los Olivos, Campoalegre, La Florida, Uvital | E58: =+N14 -> 50 | F58: 510 | M58: M | N58: =+N55*O70 -> 1644.0449 | O58: =+N58 -> 1644.0449
A59: 7 | C59: SAN AGUSTIN | D59: Lavaderos, La Argelia, Arauca 1, Las Delicias | E59: =+N15 -> 65 | F59: 1304
A60: 8 | C60: IQUIRA | D60: El Jaho, El Quebradon, San Isidro, San Francisco, Valencia de la Paz, El Jardin, Nazared, Rio Iquira, | E60: =+N19 -> 50 | F60: 2535 | N60: =+N55*O74 -> 361.60659 | O60: =+N60 -> 361.60659
A61: 9 | C61: TELLO | D61: Las Juntas, El Jordan | E61: =+N21 -> 49 | F61: 3254 | N61: =+N55*O75 -> 42.955426 | O61: =+N61 -> 42.955426
A62: 10 | C62: NEIVA | D62: Canoas, Primavera, Palestina, Los Alpes, San Miguel, Aipecito | E62: =+N23+N25 -> 69 | F62: 4303 | N62: =+N55*O76 -> 2313.345 | O62: =+N62 -> 2313.345
A63: 11 | C63: SANTA MARIA | D63: La Primavera, San Miguel, San José, Canaan, El Placer, El Cedral, Santa Helena, Los Andes, La Neira, El Cisne, Los Pinos, La Esmeralda, Santa Librada, El Placer, El Vergel, La María, El Milan, Bache, El Censo, Mirador, El Encanto, | E63: =+N9+N11+N24 -> 134 | F63: 3093 | N63: =+N55*O77 -> 506.09302 | O63: =+N63 -> 506.09302
A64: 12 | C64: TIMANA | D64: San Marcos, Palmito, Cascajal, Santa Barbara, Pantanos, Diviso | E64: =+N26 -> 41 | F64: 4910 | O64: =SUM(O60:O63) -> 3224
A65: 13 | C65: PITALITO | E65: 0
A66: 14 | C66: TARQUI | E66: 0
E67: =SUM(E53:E66) -> 806 | F67: =SUM(F53:F66) -> 47872
N69: 2268 | O69: =+N69/N71 -> 0.4900605
N70: 2360 | O70: =+N70/N71 -> 0.5099395
N71: =SUM(N69:N70) -> 4628
R73: LBS | S73: MIN | T73: KG/HR | U73: KG/DIA | V73: KG/MES | W73: T/AÑO
N74: 463 | O74: =+N74/N78 -> 0.11216085 | Q74: FRIJOL | R74: 30 | S74: 1 | T74: =+R74/2*60 -> 900 | U74: =+T74*8 -> 7200 | V74: =+U74*20 -> 144000 | W74: =(+V74*12)/1000 -> 1728
N75: 55 | O75: =+N75/N78 -> 0.013323643 | W75: =+W74*8 -> 13824
C76: Crecer en el desarrollo de su actividad productiva y mejorar las condiciones de calidad de vida de sus asociados | N76: 2962 | O76: =+N76/N78 -> 0.71753876
C77: Le asiste la responsabilidad e velar por el eficiente desarrollo de la actividad productiva a la que se dedica, como aporte a la economia regional independientemente de quienes sean sus asociados, articulando así la politica que desarrolla el departamento y la nación. | N77: 648 | O77: =+N77/N78 -> 0.15697674
N78: =SUM(N74:N77) -> 4128

Sheet DOTACION POR ASOCIACION
B1: OCTUBRE 31 SOCIALIZACION PROYECTO CAFÉ Y FRIJOL A LAS 10 AM EN LA SECRETARIA DE AGRICULTURA
A2: TIPOS Y CANTIDAD DE EQUIPOS POR ASOCIACION DE PRODUCTORES
A5: ITEM | B5: NOMBRE DE ASOCIACIONES | C5: NUMERO DE PRODUCTORES POR MUNICIPIO | D5: MUNICIPIO | E5: EQUIPO Y/O MAQUINARIA | F5: CANTIDAD | G5: VALOR UNITARIO | H5: VALOR TOTAL | J5: ITEM | K5: NOMBRE DE ASOCIACIONES | L5: NUMERO DE PRODUCTORES POR MUNICIPIO | M5: MUNICIPIO
A6: TORREFACTORAS Y LABORATORIO | J6: TORREFACTORAS Y LABORATORIO
A7: 1 | B7: ASOCIACION DE PRODUCTORES PRIMAVERAL “ASOPRIMAVERAL”. | C7: 36 | D7: ACEVEDO | E7: TORREFACTORA | F7: 1 | G7: =+'Hoja V2'!J16 -> 50180350 | H7: =+G7*F7 -> 50180350 | J7: 1 | K7: ASOCIACION DE PRODUCTORES PRIMAVERAL “ASOPRIMAVERAL”. | L7: 36 | M7: ACEVEDO
A8: 2 | B8: ASOCIACION DE MUJERES CAFETERAS DEL MUNICIPIO DE PALERMO – NOROCCIDENTE DEL HUILA “ASOMUCAFE” | C8: 36 | D8: PALERMO | E8: TORREFACTORA Y LABORATORIO | F8: 1 | G8: =+G7+'Hoja V2'!J22 -> 1.3436271e+08 | H8: =+G8*F8 -> 1.3436271e+08 | J8: 2 | K8: ASOCIACION DE MUJERES CAFETERAS DEL MUNICIPIO DE PALERMO – NOROCCIDENTE DEL HUILA “ASOMUCAFE” | L8: 36 | M8: PALERMO
A9: 3 | B9: “ASOCIACION JOVENES CAFETEROS DE TERUEL” | C9: 13 | D9: TERUEL | E9: TORREFACTORA Y LABORATORIO | F9: 1 | G9: =+G8+'Hoja V2'!J23 -> 1.3436271e+08 | H9: =+G9*F9 -> 1.3436271e+08 | J9: 3 | K9: “ASOCIACION JOVENES CAFETEROS DE TERUEL” | L9: 13 | M9: TERUEL
A10: 4 | B10: “GRUPO ASOCIATIVO DE CAFETEROS LA VICTORIA” | C10: 80 | D10: SANTA MARIA | E10: LABORATORIO | F10: 1 | G10: =+'Hoja V2'!J22 -> 84182358 | H10: =+G10*F10 -> 84182358 | J10: 4 | K10: “GRUPO ASOCIATIVO DE CAFETEROS LA VICTORIA” | L10: 80 | M10: SANTA MARIA
A11: EMPACADORAS DE FRIJOL | H11: =SUM(H7:H10) -> 4.0308812e+08 | J11: EMPACADORAS DE FRIJOL
A12: 5 | B12: FEDERACIÓN NACIONAL DE CULTIVADORES DE CEREALES, LEGUMINOSAS Y SOYA “FENALCE” | C12: 29 | D12: SANTA MARIA | E12: EMPACADORA DE FRIJOL Y EMPAQUES | F12: 1 | G12: =+'Hoja V2'!J6 -> 28941220 | H12: =+G12*F12 -> 28941220 | J12: 5 | K12: FEDERACIÓN NACIONAL DE CULTIVADORES DE CEREALES, LEGUMINOSAS Y SOYA “FENALCE” | L12: 29 | M12: SANTA MARIA
C13: 67 | D13: COLOMBIA | E13: EMPACADORA DE FRIJOL Y EMPAQUES | F13: 2 | G13: =+G12 -> 28941220 | H13: =+G13*F13 -> 57882440 | L13: 67 | M13: COLOMBIA
C14: 31 | D14: LA PLATA | E14: EMPACADORA DE FRIJOL Y EMPAQUES | F14: 2 | G14: =+G13 -> 28941220 | H14: =+G14*F14 -> 57882440 | L14: 31 | M14: LA PLATA
C15: 50 | D15: PITAL | E15: EMPACADORA DE FRIJOL Y EMPAQUES | F15: 1 | G15: =+G14 -> 28941220 | H15: =+G15*F15 -> 28941220 | L15: 50 | M15: PITAL
C16: 65 | D16: SAN AGUSTIN | E16: EMPACADORA DE FRIJOL Y EMPAQUES | F16: 3 | G16: =+G15 -> 28941220 | H16: =+G16*F16 -> 86823660 | L16: 65 | M16: SAN AGUSTIN
A17: EQUIPOS DE SECADO | H17: =SUM(H12:H16) -> 260470980 | J17: EQUIPOS DE SECADO
A18: 6 | B18: “ASOCIACION Y ALIANZA DE MUJERES CAFETERAS DE COLOMBIA – ALIMUCAES” | C18: 51 | D18: COLOMBIA | E18: SILOS DE 1 TON/DIA | F18: 1 | G18: =+'Hoja V2'!E12 -> 40810000 | H18: =+G18*F18 -> 40810000 | J18: 6 | K18: “ASOCIACION Y ALIANZA DE MUJERES CAFETERAS DE COLOMBIA – ALIMUCAES” | L18: 51 | M18: COLOMBIA
A19: 7 | B19: “GRUPO ASOCIATIVO DE CAFETEROS DE CAFÉ ESPECIAL EL BOQUERON” | C19: 42 | D19: COLOMBIA | E19: SILOS DE 1 TON/DIA | F19: 1 | G19: =+G18 -> 40810000 | H19: =+G19*F19 -> 40810000 | J19: 7 | K19: “GRUPO ASOCIATIVO DE CAFETEROS DE CAFÉ ESPECIAL EL BOQUERON” | L19: 42 | M19: COLOMBIA
A20: 8 | B20: “ASOCIACION DE MUJERES CAFETERAS AGRARIAS EL PROGRESO DE VALENCIA DE LA PAZ – ASOMCAV” | C20: 50 | D20: IQUIRA | E20: SILOS DE 3 TON/DIA | F20: 1 | G20: =+'Hoja V2'!E14 -> 71060000 | H20: =+G20*F20 -> 71060000 | J20: 8 | K20: “ASOCIACION DE MUJERES CAFETERAS AGRARIAS EL PROGRESO DE VALENCIA DE LA PAZ – ASOMCAV” | L20: 50 | M20: IQUIRA
A21: 9 | B21: “ASOCIACION DE PRODUCTORES AGROPECUARIOS LAS JUNTAS DEL MUNICIPIO DE TELLO – APROJUN” | C21: 49 | D21: TELLO | E21: SILOS DE 3 TON/DIA | F21: 1 | G21: =+G20 -> 71060000 | H21: =+G21*F21 -> 71060000 | J21: 9 | K21: “ASOCIACION DE PRODUCTORES AGROPECUARIOS LAS JUNTAS DEL MUNICIPIO DE TELLO – APROJUN” | L21: 49 | M21: TELLO | O21: FREDY RODRIGUEZ
A22: 10 | B22: “ASOCIACION AGROPECUARIA EL MEZON DE NEIVA – AGROMEZON” | C22: 43 | D22: NEIVA | E22: SILOS DE 3 TON/DIA | F22: 1 | G22: =+G21 -> 71060000 | H22: =+G22*F22 -> 71060000 | J22: 10 | K22: “ASOCIACION AGROPECUARIA EL MEZON DE NEIVA – AGROMEZON” | L22: 43 | M22: NEIVA
A23: 11 | B23: 5 ASOCIACIONES MUNICIPIO DE SANTA MARIA "ZAHO" | C23: 25 | D23: SANTA MARIA | E23: SILOS DE 1 TON/DIA | F23: 5 | G23: =+G19 -> 40810000 | H23: =+G23*F23 -> 204050000 | J23: 11 | K23: “ASOCIACION AGROPECUARIA ZAHO” | L23: 25 | M23: SANTA MARIA
A24: 12 | B24: “ASOCIACION DE MUJERES RURALES DE AIPECITO POR LA PAZ - AMURAPAZ” | C24: 26 | D24: NEIVA | E24: SILOS DE 2 TON/DIA | F24: 1 | G24: =+'Hoja V2'!E13 -> 55440000 | H24: =+G24*F24 -> 55440000 | J24: 12 | K24: “ASOCIACION DE MUJERES RURALES DE AIPECITO POR LA PAZ - AMURAPAZ” | L24: 26 | M24: NEIVA
A25: 13 | B25: “ASOCIACION DE PRODUCTORES AGROPECUARIOS BUSCANDO CALIDAD DE VIDA DEL MUNICIPIO DE TIMANA – ASOPROSAM” | C25: =21+20 -> 41 | D25: TIMANA | E25: SILOS DE 2 TON/DIA | F25: 2 | G25: =+G24 -> 55440000 | H25: =+G25*F25 -> 110880000 | J25: 13 | K25: “ASOCIACION DE PRODUCTORES AGROPECUARIOS BUSCANDO CALIDAD DE VIDA DEL MUNICIPIO DE TIMANA – ASOPROSAM” | L25: =21+20 -> 41 | M25: TIMANA
A26: 14 | B26: “ASOCIACION DE MUJERES EMPRENDEDORAS AGROPECUARIAS DEL MUNICIPIO DE TERUEL - EMCATE” | C26: 32 | D26: TERUEL | E26: SILOS DE 5 TON/DIA | F26: 1 | G26: =+'Hoja V2'!E15 -> 96960000 | H26: =+G26*F26 -> 96960000 | J26: 14 | K26: “ASOCIACION DE MUJERES EMPRENDEDORAS AGROPECUARIAS DEL MUNICIPIO DE TERUEL - EMCATE” | L26: 32 | M26: TERUEL
A27: 15 | B27: “ASOCIACION DE TRABAJADORES CAMPESINOS DEL HUILA SUB DIRECTIVA PALERMO - ATCH” | C27: 40 | D27: PALERMO | E27: SILOS DE 5 TON/DIA | F27: 1 | G27: =+G26 -> 96960000 | H27: =+G27*F27 -> 96960000 | J27: 15 | K27: “ASOCIACION DE TRABAJADORES CAMPESINOS DEL HUILA SUB DIRECTIVA PALERMO - ATCH” | L27: 40 | M27: PALERMO
H28: =SUM(H18:H27) -> 859090000
B29: =+'Hoja V2'!B42 -> ASISTENCIA TECNICA | H29: =+'Hoja V2'!G42 -> 51000000
B30: =+'Hoja V2'!B47 -> Apoyo a la supervisón | H30: =+'Hoja V2'!G47 -> 28000000
B31: =+'Hoja V2'!B48 -> AIU | H31: =+'Hoja V2'!G48 -> 173101401
B32: =+'Hoja V2'!B49 -> TOTAL GENERAL | H32: =+H31+H30+H29+H28+H17+H11 -> 1774750504

Sheet Hoja V1
A2: PRESUPUESTO
A4: ITEM | B4: DESCRIPCION | C4: UNIDAD | D4: CANTIDAD | E4: VALOR UNITARIO | F4: VALOR TOTAL | G4: APORTE GOBERNACION | H4: APORTE FENEALCE
A5: I | B5: PRODUCTO FRIJOL | F5: =+F6+F9+F13 -> 349999500 | G5: =+G6+G9+G13 -> 299999500 | H5: =+H6+H9+H13 -> 50000000
A6: 1 | B6: EQUIPOS PARA FRIJOL | F6: =+F7+F8 -> 273999500 | G6: =+G7+G8 -> 273999500 | H6: =+H7+H8 -> 0
A7: 1.1 | B7: SUMINISTRO DE EMPAQUETADORAS DE FRIJOL. 30 EMPAQUES X MINUTO DE 500 O 1000 GR | C7: UND | D7: 8 | E7: 31750000 | F7: =+E7*D7 -> 254000000 | G7: =+F7 -> 254000000 | H7: 0
A8: 1.2 | B8: EMPAQUE - BOLSA PLASTICA TUBULAR IMPRESA POR AMBAS CARAS A CUATRO TINTAS PARA EMPACADO DE FRIJOL EN PRESENTACION DE BOLSAX500GR BOLSA X 1000 GR | C8: KG | D8: 1500 | E8: 13333 | F8: =+E8*D8 -> 19999500 | G8: =+F8 -> 19999500 | H8: 0
A9: 2 | B9: ASISTENCIA TECNICA | F9: =+F10+F11+F12 -> 47000000 | G9: =+G10+G11+G12 -> 0 | H9: =+H10+H11+H12 -> 47000000
A10: 2.1 | B10: TALLER EN EL QUE SE ABORDAN LOS TEMAS SOCIOEMPRESARIAL, ORGANIZACIONAL, LÍDERAZGO, MOTIVACIONAL, MERCADEO Y COMERCIALIZACIÓN. ASÍ COMO EL MANEJO DEL CULTIVO DE FRIJOL SIEMBRA DE FRIJOL, NUTRICIÓN DEL CULTIVO, CONTROL DE MALEZAS, CONTROL INTEGRADO DE PLAGAS Y CONTROL PREVENTIVO DE ENFERMEDADES DEL CULTIVO. | C10: UND | D10: 8 | E10: 1000000 | F10: =+E10*D10 -> 8000000 | G10: 0 | H10: =+F10 -> 8000000
A11: 2.2 | B11: TALLERES DE FORTALECIMIENTO DE CAPACIDADES SOCIO-EMPRESARIALES A LOS BENEFICIARIOS DEL PROYECTO. PROFESIONAL SOCIOEMPRESARIAL. | C11: MES | D11: 12 | E11: 2000000 | F11: =+E11*D11 -> 24000000 | G11: 0 | H11: =+F11 -> 24000000
A12: 2.3 | B12: CAPACITACIÓN A LOS AGRICULTORES EN MANEJO DEL CULTIVO DE FRIJOL. PROFESIONAL EN AGRONOMÍA. | C12: MES | D12: 12 | E12: 1250000 | F12: =+E12*D12 -> 15000000 | G12: 0 | H12: =+F12 -> 15000000
A13: 3 | B13: ACTIVIDADES DE APOYO A LA COMERCIALIZACIÓN | F13: =+F14+F15+F16 -> 29000000 | G13: =+G14+G15+G16 -> 26000000 | H13: =+H14+H15+H16 -> 3000000
A14: 3.1 | B14: UNA (1) RUEDA DE NEGOCIO CON AGRICULTORES DE FRIJOL, ASOCIACIONES Y LA INDUSTRIA Y/O COMERCIALIZADORES DE LA REGIÓN. | C14: UND | D14: 1 | E14: 3000000 | F14: =+E14*D14 -> 3000000 | G14: 0 | H14: =+F14 -> 3000000
A15: 3.2 | B15: PAGO REGISTRO SANITTARIO INVIMA PARA EMPAQUETADO Y COMERCIALIZACIÓN DE FRIJOL. | C15: UND | D15: 1 | E15: 6000000 | F15: =+E15*D15 -> 6000000 | G15: =+F15 -> 6000000 | H15: 0
A16: 3.3 | B16: CARACTERIZACIÓN COMERCIAL DE LOS PRODUCTORES Y SU RED DE COMERCIALIZACIÓN DE FRIJOL A NIVEL LOCAL - DOCUMENTO. | C16: UND | D16: 1 | E16: 20000000 | F16: =+E16*D16 -> 20000000 | G16: =+F16 -> 20000000 | H16: 0
A17: ITEM | B17: DESCRIPCION | C17: UNIDAD | D17: CANTIDAD | E17: VALOR UNITARIO | F17: VALOR TOTAL | G17: APORTE GOBERNACION | H17: APORTE ASOJUNCAL
A18: II | B18: PRODUCTO ARROZ | F18: =+F19 -> 257767000 | G18: =+G19 -> 257767000 | H18: =+H19 -> 0
A19: 1 | B19: EQUIPOS PARA ARROZ | F19: =+F20 -> 257767000 | G19: =+G20 -> 257767000 | H19: =+H20 -> 0
A20: 1.1 | B20: PLANTA COMPACTA DEPILADORA DE ARROZ CON CAPACIDAD MINIMA DE 1000 KG/HORA, A 220 V. (MIN.- 24 TON/DIA). SOBRE PLATAFORMA DE ACERO | C20: UND | D20: 1 | E20: =62870*4100 -> 257767000 | F20: =+E20*D20 -> 257767000 | G20: =+F20 -> 257767000 | H20: 0
A21: ITEM | B21: DESCRIPCION | C21: UNIDAD | D21: CANTIDAD | E21: VALOR UNITARIO | F21: VALOR TOTAL | G21: APORTE GOBERNACION | H21: APORTE ASOJUNCAL
A22: II | B22: PRODUCTO CAFÉ | F22: =+F23+F28+F34 -> 1209987396 | G22: =+G23+G28+G34 -> 1209987396 | H22: =+H23 -> 0
A23: 1 | B23: EQUIPOS PARA SECADO DE CAFÉ | F23: =+F24+F25+F26+F27 -> 973300000 | G23: =+G24+G25+G26+G27 -> 973300000 | H23: =+H24+H25 -> 0
A24: 1.1 | B24: SISTEMA DE SECADO PARA PERGAMINO HUMEDO DE CAFÉ TIPO ROTATIVO Y/O DE TORRE CON CAPACIADAD PARA 1 TONELADA DE PERGAMINO SECO | C24: UND | D24: 7 | E24: 30100000 | F24: =+E24*D24 -> 210700000 | G24: =+F24 -> 210700000 | H24: 0 | K24: 7 | L24: 6 | M24: 9 | N24: =SUM(L24:M24) -> 15
A25: 1.2 | B25: SISTEMA DE SECADO PARA PERGAMINO HUMEDO DE CAFÉ TIPO ROTATIVO Y/O DE TORRE CON CAPACIADAD PARA 2 TONELADA DE PERGAMINO SECO | C25: UND | D25: 3 | E25: 49600000 | F25: =+E25*D25 -> 148800000 | G25: =+F25 -> 148800000 | H25: 0 | N25: =+N24*5*52 -> 3900
A26: 1.3 | B26: SISTEMA DE SECADO PARA PERGAMINO HUMEDO DE CAFÉ TIPO ROTATIVO Y/O DE TORRE CON CAPACIADAD PARA 3 TONELADA DE PERGAMINO SECO | C26: UND | D26: 3 | E26: 64600000 | F26: =+E26*D26 -> 193800000 | G26: =+F26 -> 193800000 | H26: 0
A27: 1.4 | B27: SILOS CADEFIHUILA Y COOCENTRAL | C27: UND | D27: 6 | E27: 70000000 | F27: =+E27*D27 -> 420000000 | G27: =+F27 -> 420000000
A28: 2 | B28: EQUIPOS PARA TOSTION | F28: =SUM(F29:F33) -> 135249000 | G28: =SUM(G29:G33) -> 135249000 | H28: =+H29+H30 -> 0
A29: 2.1 | B29: TOSTADORA PARA CAFÉ A GAS PROPANO, CAPCIDAD DE 6KG POR BACHE (15-20 MINUTOS) A 110V - 60Hz, CON TABLERO ELECTRICO CON INDICADOR DE TEMPERATURA, ON-OFF MOTORES. DIMENSION 110CM(ALTO) X 77CM(ANCHO) X 115CM(PRODUNDIDAD), EN ACERO INOXDABLE QUE CUMPLA NORMA PARA ALIMENTOS. PESO MAX. 100KG. INCLUYE ACCESORIOS | C29: UND | D29: 3 | E29: 21420000 | F29: =+E29*D29 -> 64260000 | G29: =+F29 -> 64260000 | H29: 0
A30: 2.2 | B30: TRILLADORA DE CAFÉ PERGAMINO SECO DE FLUJO CONTINUO, CAPACIDAD 150 KG/Hr, MOTOR 2,0 HP A 1750 RPM MONOFAASICO (110V-220V) 60Hz; SWITCH ON - OFF; DIMENSIONES 130CM(ALTO) X 20 CM(ANCHO) X 70CM(PROFUNDIDAD); EN ACERO INOXIDABLE, PINTURA ELECTROSTATICA Y CROMO | C30: UND | D30: 3 | E30: 5000000 | F30: =+E30*D30 -> 15000000 | G30: =+F30 -> 15000000
A31: 2.3 | B31: ZARANDA SELECCIONADOR POR TAMAÑO PARA CAFÉ TIPO ALMENDRA; CAPCAIDAD 600 KG/Hr; MOTOR 3/4 HP 1750 RPM MONOFASICO (110V-220V) 60 Hz; 100CM (ALTO) X 80CM (ANCHO) X 200CM (PROFUNDIDAD); ZARANDAS EN ALUMINIO INOCUO, ACERO INOXIDABLE Y PINTURA ELECTROSTATICA; PESO 100 KG. INCLUYE ACCESORIOS | C31: UND | D31: 3 | E31: 9500000 | F31: =+E31*D31 -> 28500000 | G31: =+F31 -> 28500000
A32: 2.4 | B32: SELLADORA AUTOMATICA DE CALOR CONSTANTE PARA BOLSAS PLASTICAS; CAPCIADAD 25 BOLSAS X MINUTO; REDUCTOR 40 W MONOFASICO 110V 60Hz; CON CONTROLADOR DE TEMPERATURA, SWITCH ON-OFF; 35CM (ALTO) X 30CM (ANCHO) X 40CM (PROFUNDIDAD); PINTURA ELECTROSTATICA Y BRONCE; PESO 8 KG. INCLUYE ACCESORIOS | C32: UND | D32: 3 | E32: 3808000 | F32: =+E32*D32 -> 11424000 | G32: =+F32 -> 11424000
A33: 2.5 | B33: MOLINO PARA CAFÉ, CAPACIDAD 30 KG/Hr; MOTOR 3/4 HP 120V 60Hz 9AMP, SWITCH ON-OFF SISTEMA DE SEGURIDAD PARA ENCENDIDO CON BOLSA UBICADA; 69,1CM (ALTO) X 18,8CM (ANCHO) X 40,4CM (PROFUNDIDAD); EN ACERO INOXIDABLE, ACERO AL CARBON Y PLASTICO; INCLUYE ACCESORIOS | C33: UND | D33: 3 | E33: 5355000 | F33: =+E33*D33 -> 16065000 | G33: =+F33 -> 16065000
A34: 3 | B34: EQUIPOS PARA LABORATORIO DE CAFÉ | F34: =SUM(F35:F53) -> 101438396 | G34: =SUM(G35:G53) -> 101438396 | H34: =+H35+H36 -> 0
A35: 3.1 | B35: BALANZA ELECTRONICA DE PRESICION (0,1 - 1000 Gr) | C35: UND | D35: 3 | E35: 1428000 | F35: =+E35*D35 -> 4284000 | G35: =+F35 -> 4284000 | H35: 0
A36: 3.2 | B36: DETERMINADOR DE HUMEDAD PARA VARIOS GRANOS, CON INDICACION DE % DE HUMEDAD Y TEMPERATURA DE LA MUESTRA EN FORMA DIGITAL | C36: UND | D36: 1 | E36: 3927000 | F36: =+E36*D36 -> 3927000 | G36: =+F36 -> 3927000
A37: 3.3 | B37: TOSTADORA LABORARTORIO PARA CAFÉ A GAS PROPANO, CAPACIADAD 80-100 GR DE CAFÉ VERDE ALMENDRA | C37: UND | D37: 1 | E37: 36900000 | F37: =+E37*D37 -> 36900000 | G37: =+F37 -> 36900000
A38: 3.4 | B38: MOLINO PARA CAFÉ, CAPACIDAD TOLVA 2 LBS, MOLIENDA RAPIDA 2 LBS/60 SEGUNDOS, CON AJUSTE PARA GRANULOMETRIAS DIFERENTES, 120 V 1320W 11 Amp, 17,8CM (ANCHO) X 87,2CM (ALTO) X 40,2CM (PROFUNDIDAD) | C38: UND | D38: 1 | E38: 6188000 | F38: =+E38*D38 -> 6188000 | G38: =+F38 -> 6188000
A39: 3.5 | B39: CAFETERA CON COMPONENTES INTERNOS EN ACERO INOXIDABLE, CON CAPACIADAD PARA TERMOS DE 1,9 A 2,5 L; 110V 1320W 11 Amp; CAPCAIDAD 14,4 L/HORA | C39: UND | D39: 1 | E39: 2116000 | F39: =+E39*D39 -> 2116000 | G39: =+F39 -> 2116000
A40: 3.6 | B40: CALENTADOR DE AGUA, CAPACIDAD 2 GLN; 110V 1800W 15 Amp; PESO 10,4 KG; 18CM (ANCHO) X 61CM (ALTO) X 36,3CM (PROFUNDIDAD) | C40: UND | D40: 1 | E40: 4233306 | F40: =+E40*D40 -> 4233306 | G40: =+F40 -> 4233306
A41: 3.7 | B41: SISTEMA FILTRANTE, CAPACIDAD DE FILTRACION DE AGUA 5 GPM (18,9 Lpm); PRESION DEL AGUA 10-125 PSI. (certificado NSF / ANSI Standard 53 para reducir quistes como Cryptosporidium y Giardia por medios mecánicos; acreditado por la ISO 17025 sobre la capacidad para reducir el 99.999% de Pseudomonas diminuta, siguiendo el ASTM F838-05 y sobre filtros de grado esterilizante con el protocolo para la validación de 0.2 μm.) | C41: UND | D41: 1 | E41: 24871000 | F41: =+E41*D41 -> 24871000 | G41: =+F41 -> 24871000
A42: 3.8 | B42: JARRA TERMO 1,9 L; EN ACERO INOXIDABLE, MANIJA PLASTICA; PESO 1,5 KG; 18,4CM (ALTO) X 16,5CM (ANCHO) | C42: UND | D42: 1 | E42: 279701 | F42: =+E42*D42 -> 279701 | G42: =+F42 -> 279701
A43: 3.9 | B43: LIMPIADOR EQUIPOS DE CAFÉ; PRESENTACION 120 TABLETAS; 1 TABLETA PARA 6 L DE AGUA LIMPIA | C43: UND | D43: 1 | E43: 102809 | F43: =+E43*D43 -> 102809 | G43: =+F43 -> 102809
A44: 3.1 | B44: KIT NARIZ DEL CAFÉ; 36 FRASCOS CON AROMAS | C44: UND | D44: 1 | E44: 2201500 | F44: =+E44*D44 -> 2201500 | G44: =+F44 -> 2201500
A45: 3.11 | B45: BANDEJA PARA MUESTRA DE CAFÉ, CAPCIDAD 150 A 200 GR | C45: UND | D45: 1 | E45: 15000 | F45: =+E45*D45 -> 15000 | G45: =+F45 -> 15000
A46: 3.12 | B46: CUCHARA CATACION SENCILLA EN ACERO INOXIDABLE; DIAMETRO 4 CM; MANGO 10,5CM | C46: UND | D46: 1 | E46: 20230 | F46: =+E46*D46 -> 20230 | G46: =+F46 -> 20230
A47: 3.13 | B47: CUCHARA PARA MUESTRA DE TOSTADORA; EN ACERO INOXIDABLE | C47: UND | D47: 1 | E47: 29750 | F47: =+E47*D47 -> 29750 | G47: =+F47 -> 29750
... A53: 3.19 | B53: MOMOGENIZADOR TIPO BOERNER; FABRICADO EN Bronce y Acero inoxidable; CAPACIDAD Pergamino: 10 kg, Almendra: 3 kg. | C53: UND | D53: 1 | E53: 4998000 | F53: =+E53*D53 -> 4998000 | G53: =+F53 -> 4998000
B54: TOTAL IVA INCLUIDO | F54: =+F22+F18+F5 -> 1817753896 | G54: =+G22+G18+G5 -> 1767753896 | H54: =+H22+H18+H5 -> 50000000

Sheet Hoja V2
A2: PRESUPUESTO
A4: ITEM | B4: DESCRIPCION | C4: UNIDAD | D4: CANTIDAD | E4: VALOR UNITARIO | F4: VALOR TOTAL | G4: APORTE GOBERNACION
A5: I | B5: PRODUCTO FRIJOL | F5: =+F6 -> 260470980 | G5: =+G6 -> 260470980
A6: 1 | B6: EQUIPOS PARA FRIJOL | F6: =+F7+F8 -> 260470980 | G6: =+G7+G8 -> 260470980 | J6: =+G6/9 -> 28941220
A7: 1.1 | B7: SUMINISTRO DE EMPAQUETADORAS DE FRIJOL. 30 EMPAQUES X MINUTO DE 500 O 1000 GR, Incluye Sirel para impresión de alta velocidad Y diseño de publicidad para empaque en polietileno | C7: UND | D7: 9 | E7: 25938000 | F7: =+E7*D7 -> 233442000 | G7: =+F7 -> 233442000 | H7: =+G7*1.11 -> 2.5912062e+08
A8: 1.2 | B8: EMPAQUE - BOLSA PLASTICA TUBULAR DE BAJA DENSIDAD DE 6" ANCHO IMPRESA POR AMBAS CARAS A CUATRO TINTAS PARA EMPACADO DE FRIJOL EN PRESENTACION DE BOLSAX500GR BOLSA X 1000 GR | C8: KG | D8: 1683 | E8: 16060 | F8: =+E8*D8 -> 27028980 | G8: =+F8 -> 27028980 | H8: =ROUND(+G8*1.11,0) -> 30002168
A9: ITEM | B9: DESCRIPCION | C9: UNIDAD | D9: CANTIDAD | E9: VALOR UNITARIO | F9: VALOR TOTAL | G9: APORTE GOBERNACION
A10: II | B10: PRODUCTO CAFÉ | F10: =+F11+F16+F22+F42 -> 1313178123 | G10: =+G11+G16+G22+G42 -> 1313178123
A11: 1 | B11: EQUIPOS PARA SECADO DE CAFÉ | F11: =+F12+F13+F14+F15 -> 859090000 | G11: =+G12+G13+G14+G15 -> 859090000
A12: 1.1 | B12: SISTEMA DE SECADO PARA PERGAMINO HUMEDO DE CAFÉ TIPO TORRE CON CAPACIADAD PARA 1 TONELADA (80@) C.P.S (Café Pergamino Seco) | C12: UND | D12: 7 | E12: 40810000 | F12: =+E12*D12 -> 285670000 | G12: =+F12 -> 285670000 | H12: =+G12*1.11 -> 317093700
A13: 1.2 | B13: SISTEMA DE SECADO PARA PERGAMINO HUMEDO DE CAFÉ TIPO ROTATIVO CON CAPACIADAD PARA 2 TONELADA (160@) C.P.S (Café Pergamino Seco) | C13: UND | D13: 3 | E13: 55440000 | F13: =+E13*D13 -> 166320000 | G13: =+F13 -> 166320000 | H13: =+G13*1.11 -> 1.846152e+08
A14: 1.3 | B14: SISTEMA DE SECADO PARA PERGAMINO HUMEDO DE CAFÉ TIPO DE TORRE CON CAPACIADAD PARA 3 TONELADA (240@) C.P.S (Café Pergamino Seco) | C14: UND | D14: 3 | E14: 71060000 | F14: =+E14*D14 -> 213180000 | G14: =+F14 -> 213180000 | H14: =+G14*1.11 -> 2.366298e+08
A15: 1.4 | B15: SISTEMA DE SECADO PARA PERGAMINO HUMEDO DE CAFÉ TIPO DE TORRE CON CAPACIADAD PARA 5 TONELADA (400@) C.P.S (Café Pergamino Seco) | C15: UND | D15: 2 | E15: 96960000 | F15: =+E15*D15 -> 193920000 | G15: =+F15 -> 193920000 | H15: =+G15*1.11 -> 2.152512e+08
A16: 2 | B16: EQUIPOS PARA TOSTION | F16: =SUM(F17:F21) -> 1.5054105e+08 | G16: =SUM(G17:G21) -> 1.5054105e+08 | J16: =+G16/3 -> 50180350
A17: 2.1 | B17: TOSTADORA PARA CAFÉ A GAS PROPANO, CAPCIDAD DE 6KG POR BACHE (15-20 MINUTOS) A 110V - 60Hz, CON TABLERO ELECTRICO CON INDICADOR DE TEMPERATURA, ON-OFF MOTORES. DIMENSION 110CM(ALTO) X 77CM(ANCHO) X 115CM(PRODUNDIDAD), EN ACERO INOXDABLE QUE CUMPLA NORMA PARA ALIMENTOS. PESO MAX. 100KG. INCLUYE ACCESORIOS | C17: UND | D17: 3 | E17: =21420000*1.1 -> 23562000 | F17: =+E17*D17 -> 70686000 | G17: =+F17 -> 70686000 | H17: =+G17*1.11 -> 78461460
A18: 2.2 | B18: TRILLADORA DE CAFÉ PERGAMINO SECO DE FLUJO CONTINUO, CAPACIDAD 180 KG/Hr, MOTOR 1,5 HP A 1750 RPM MONOFASICO (110V-220V) 60Hz; SWITCH ON - OFF; DIMENSIONES 133CM(ALTO) X 40 CM(ANCHO) X 90CM(PROFUNDIDAD); EN ACERO INOXIDABLE, PINTURA ELECTROSTATICA Y CROMO | C18: UND | D18: 3 | E18: =5000000*1.1 -> 5500000 | F18: =+E18*D18 -> 16500000 | G18: =+F18 -> 16500000 | H18: =+G18*1.11 -> 18315000
A19: 2.3 | B19: ZARANDA SELECCIONADOR POR TAMAÑO PARA CAFÉ TIPO ALMENDRA; CAPCAIDAD 100-300 KG/Hr; MOTOR 3/4 HP 1750 RPM MONOFASICO (110V-220V) 60 Hz; 104CM (ALTO) X 88CM (ANCHO) X 180CM (PROFUNDIDAD); ZARANDAS EN ALUMINIO INOCUO, ACERO INOXIDABLE Y PINTURA ELECTROSTATICA; PESO 100 KG. INCLUYE ACCESORIOS | C19: UND | D19: 3 | E19: =9500000*1.1 -> 10450000 | F19: =+E19*D19 -> 31350000 | G19: =+F19 -> 31350000 | H19: =+G19*1.11 -> 34798500
A20: 2.4 | B20: SELLADORA AUTOMATICA DE CALOR CONSTANTE PARA BOLSAS PLASTICAS; CAPCIADAD 25 BOLSAS X MINUTO; REDUCTOR 40 W MONOFASICO 110V 60Hz; CON CONTROLADOR DE TEMPERATURA, SWITCH ON-OFF; 25CM (ALTO) X 18CM (ANCHO) X 25CM (PROFUNDIDAD); PINTURA ELECTROSTATICA Y BRONCE; PESO 8 KG. INCLUYE ACCESORIOS | C20: UND | D20: 3 | E20: =3808000*1.1 -> 4188800 | F20: =+E20*D20 -> 12566400 | G20: =+F20 -> 12566400 | H20: =+G20*1.11 -> 13948704
A21: 2.5 | B21: MOLINO PARA CAFÉ, CAPACIDAD 30 KG/Hr; MOTOR 3/4 HP 120V 60Hz 9AMP, SWITCH ON-OFF SISTEMA DE SEGURIDAD PARA ENCENDIDO CON BOLSA UBICADA; 69,1CM (ALTO) X 18,8CM (ANCHO) X 40,4CM (PROFUNDIDAD); EN ACERO INOXIDABLE, ACERO AL CARBON Y PLASTICO; INCLUYE ACCESORIOS | C21: UND | D21: 3 | E21: =5890500*1.1 -> 6479550 | F21: =+E21*D21 -> 19438650 | G21: =+F21 -> 19438650 | H21: =ROUND(+G21*1.11,0) -> 21576902
A22: 3 | B22: EQUIPOS PARA LABORATORIO DE CAFÉ | F22: =SUM(F23:F41) -> 252547073 | G22: =SUM(G23:G41) -> 252547073 | J22: =+G22/3 -> 84182358
A23: 3.1 | B23: BALANZA ELECTRONICA DE PRESICION (0,1 - 1000 Gr) | C23: UND | D23: 3 | E23: =1428000*1.1 -> 1570800 | F23: =+E23*D23 -> 4712400 | G23: =+F23 -> 4712400 | H23: =+G23*1.11 -> 5230764
A24: 3.2 | B24: DETERMINADOR DE HUMEDAD PARA VARIOS GRANOS, CON INDICACION DE % DE HUMEDAD Y TEMPERATURA DE LA MUESTRA EN FORMA DIGITAL | C24: UND | D24: 3 | E24: =3927000*1.1 -> 4319700 | F24: =+E24*D24 -> 12959100 | G24: =+F24 -> 12959100 | H24: =+G24*1.11 -> 14384601
A25: 3.3 | B25: TOSTADORA LABORARTORIO PARA CAFÉ A GAS PROPANO, CAPACIADAD 80-100 GR DE CAFÉ VERDE ALMENDRA | C25: UND | D25: 3 | E25: =36900000*1.1 -> 40590000 | F25: =+E25*D25 -> 121770000 | G25: =+F25 -> 121770000 | H25: =+G25*1.11 -> 135164700
A26: 3.4 | B26: MOLINO PARA CAFÉ, CAPACIDAD TOLVA 2 LBS, MOLIENDA RAPIDA 2 LBS/60 SEGUNDOS, CON AJUSTE PARA GRANULOMETRIAS DIFERENTES, 120 V 1320W 11 Amp, 17,8CM (ANCHO) X 87,2CM (ALTO) X 40,2CM (PROFUNDIDAD) | C26: UND | D26: 3 | E26: =6188000*1.1 -> 6806800 | F26: =+E26*D26 -> 20420400 | G26: =+F26 -> 20420400 | H26: =+G26*1.11 -> 22666644
A27: 3.5 | B27: CAFETERA CON COMPONENTES INTERNOS EN ACERO INOXIDABLE, CON CAPACIADAD PARA TERMOS DE 1,9 A 2,5 L; 110V 1320W 11 Amp; CAPCAIDAD 14,4 L/HORA | C27: UND | D27: 3 | E27: =2116000*1.1 -> 2327600 | F27: =+E27*D27 -> 6982800 | G27: =+F27 -> 6982800 | H27: =+G27*1.11 -> 7750908
A28: 3.6 | B28: CALENTADOR DE AGUA, CAPACIDAD 2 GLN; 110V 1800W 15 Amp; PESO 10,4 KG; 18CM (ANCHO) X 61CM (ALTO) X 36,3CM (PROFUNDIDAD) | C28: UND | D28: 3 | E28: =4233306*1.1 -> 4656636.6 | F28: =ROUND(+E28*D28,0) -> 13969910 | G28: =+F28 -> 13969910 | H28: =ROUND(+G28*1.11,0) -> 15506600
A29: 3.7 | B29: SISTEMA FILTRANTE, CAPACIDAD DE FILTRACION DE AGUA 5 GPM (18,9 Lpm); PRESION DEL AGUA 10-125 PSI. (certificado NSF / ANSI Standard 53 para reducir quistes como Cryptosporidium y Giardia por medios mecánicos; acreditado por la ISO 17025 sobre la capacidad para reducir el 99.999% de Pseudomonas diminuta, siguiendo el ASTM F838-05 y sobre filtros de grado esterilizante con el protocolo para la validación de 0.2 μm.) | C29: UND | D29: 3 | E29: =2487100*1.1 -> 2735810 | F29: =+E29*D29 -> 8207430 | G29: =+F29 -> 8207430 | H29: =ROUND(+G29*1.11,0) -> 9110247
A30: 3.8 | B30: JARRA TERMO 1,9 L; EN ACERO INOXIDABLE, MANIJA PLASTICA; PESO 1,5 KG; 18,4CM (ALTO) X 16,5CM (ANCHO) | C30: UND | D30: 3 | E30: =279701*1.1 -> 307671.1 | F30: =ROUND(+E30*D30,0) -> 923013 | G30: =+F30 -> 923013 | H30: =ROUND(+G30*1.11,0) -> 1024544
A31: 3.9 | B31: LIMPIADOR EQUIPOS DE CAFÉ; PRESENTACION 120 TABLETAS; 1 TABLETA PARA 6 L DE AGUA LIMPIA | C31: UND | D31: 3 | E31: =102809*1.1 -> 113089.9 | F31: =ROUND(+E31*D31,0) -> 339270 | G31: =+F31 -> 339270 | H31: =ROUND(+G31*1.11,0) -> 376590
A32: 3.1 | B32: KIT NARIZ DEL CAFÉ; 36 FRASCOS CON AROMAS | C32: UND | D32: 3 | E32: =2201500*1.1 -> 2421650 | F32: =+E32*D32 -> 7264950 | G32: =+F32 -> 7264950 | H32: =ROUND(+G32*1.11,0) -> 8064095
A33: 3.11 | B33: BANDEJA PARA MUESTRA DE CAFÉ, CAPCIDAD 150 A 200 GR | C33: UND | D33: 30 | E33: =15000*1.1 -> 16500 | F33: =+E33*D33 -> 495000 | G33: =+F33 -> 495000 | H33: =+G33*1.11 -> 549450
A34: 3.12 | B34: CUCHARA CATACION SENCILLA EN ACERO INOXIDABLE; DIAMETRO 4 CM; MANGO 10,5CM | C34: UND | D34: 15 | E34: =20230*1.1 -> 22253 | F34: =+E34*D34 -> 333795 | G34: =+F34 -> 333795 | H34: =ROUND(+G34*1.11,0) -> 370512
A35: 3.13 | B35: CUCHARA PARA MUESTRA DE TOSTADORA; EN ACERO INOXIDABLE | C35: UND | D35: 3 | E35: =29750*1.1 -> 32725 | F35: =+E35*D35 -> 98175 | G35: =+F35 -> 98175 | H35: =ROUND(+G35*1.11,0) -> 108974
A36: 3.14 | B36: CRONOMETRO DIGITAL PARA LABORATORIO; Max cuenta regresiva 99 min 59 Seg. | C36: UND | D36: 3 | E36: =71400*1.1 -> 78540 | F36: =+E36*D36 -> 235620 | G36: =+F36 -> 235620 | H36: =ROUND(+G36*1.11,0) -> 261538
A37: 3.15 | B37: TERMOHIGROMETRO DIGITAL | C37: UND | D37: 3 | E37: =142800*1.1 -> 157080 | F37: =+E37*D37 -> 471240 | G37: =+F37 -> 471240 | H37: =ROUND(+G37*1.11,0) -> 523076
A38: 3.16 | B38: SONDA CHUZO PARA CAFÉ PERGAMINO SECO, 1 1/4" (DIAMETRO) X 75 CM (LARGO); EN CROMO | C38: UND | D38: 3 | E38: =105900*1.1 -> 116490 | F38: =+E38*D38 -> 349470 | G38: =+F38 -> 349470 | H38: =ROUND(+G38*1.11,0) -> 387912
A39: 3.17 | B39: COLORIMETRO DIGITAL PARA CAFÉ | C39: UND | D39: 3 | E39: =10115000*1.1 -> 11126500 | F39: =+E39*D39 -> 33379500 | G39: =+F39 -> 33379500 | H39: =+G39*1.11 -> 37051245
A40: 3.18 | B40: JUEGO DE MALLAS O TAMICES (7 TAMICES DE 12/64” – 13/64”– 14/64” – 15/64” – 16/64” -17/64”– 18/64”), EN Coll rolled calibre 22 y bordes en madera; INCLUYE Malla 0 o base y tapa | C40: UND | D40: 3 | E40: =952000*1.1 -> 1047200 | F40: =+E40*D40 -> 3141600 | G40: =+F40 -> 3141600 | H40: =+G40*1.11 -> 3487176
A41: 3.19 | B41: HOMOGENIZADOR TIPO BOERNER; FABRICADO EN Bronce y Acero inoxidable; CAPACIDAD Pergamino: 10 kg, Almendra: 3 kg. | C41: UND | D41: 3 | E41: =4998000*1.1 -> 5497800 | F41: =+E41*D41 -> 16493400 | G41: =+F41 -> 16493400 | H41: =+G41*1.11 -> 18307674
A42: 4 | B42: ASISTENCIA TECNICA | F42: =SUM(F43:F45) -> 51000000 | G42: =SUM(G43:G45) -> 51000000
A43: 4.1 | B43: REALIZAR 20 TALLERES SOBRE MANEJO SOCIOEMPRESARIAL, ORGANIZACIONAL, LÍDERAZGO, MERCADEO Y COMERCIALIZACIÓN DE PRODUCTOS AGROPECUARIOS. (2 TALLERES POR BENEFICIARIO CON UNA DURACION DE 4 HORAS CON UN MAXIMO DE 35 PARTICIPANTES POR TALLER) | C43: UND | D43: 20 | E43: 2000000 | F43: =+E43*D43 -> 40000000 | G43: =+F43 -> 40000000 | H43: =+G43*1.11 -> 44400000
A44: 4.2 | B44: OBTENER EL REGISTRO SANITTARIO INVIMA PARA EMPAQUETADO Y COMERCIALIZACIÓN DE FRIJOL. | C44: UND | D44: 1 | E44: 6000000 | F44: =+E44*D44 -> 6000000 | G44: =+F44 -> 6000000 | H44: =+G44*1.11 -> 6660000
A45: 4.3 | B45: REALIZAR UNA (1) RUEDA DE NEGOCIOS CON LA PARTICIPACION DE 50 PRODUCTORES DE CAFÉ Y FRIJOL VINCULADOS A LOS GRUPOS ASOCIATIVOS BENEFICIADOS (SUMINISTRAR AUDITORIO, REFRIGERIOS, AYUDAS AUDIOVISULAES, PUBLICIDAD DIGITAL E IMPRESA) | C45: UND | D45: 1 | E45: 5000000 | F45: =+E45*D45 -> 5000000 | G45: =+F45 -> 5000000 | H45: =+G45*1.11 -> 5550000
B46: TOTAL IVA INCLUIDO | F46: =+F10+F5 -> 1573649103 | G46: =+G10+G5 -> 1573649103 | H46: =SUM(H7:H45) -> 1746750504 | I46: =100*20000 -> 2000000 | J46: REFRIGERIOS PARA 100 PERSONAS JORNADA MAÑANA Y TARDE
A47: 5 | B47: Apoyo a la supervisón | C47: MES | D47: 4 | E47: 7000000 | F47: =+E47*D47 -> 28000000 | G47: =+F47 -> 28000000 | I47: 500000 | J47: Sonido, video beam, micrófonos inalámbricos y equipos necesarios para el desarrollo del evento un día
B48: AIU | C48: % | D48: 11 | F48: =ROUND(+F46*D48%,0) -> 173101401 | G48: =+F48 -> 173101401 | I48: 1000000 | J48: PUBLICIDAD DEL EVENTO (1 PASACALLE 6MTS X 1 MTS Y 25 PENDONES 1 MTS X 1,2 MTS - BANNER FULL COLOR)
B49: TOTAL GENERAL | F49: =+F47+F46+F48 -> 1774750504 | G49: =+G47+G46+G48 -> 1774750504 | I49: 1500000 | J49: AUDITORIO SALON CAPCIDAD 100 PERSONAS (MESAS Y SILLAS)
I50: =SUM(I46:I49) -> 5000000
B52: ING. FREDDY ALEXANDER GONZALEZ BARRERA
B53: Profesional de Apoyo SEDAM

Sheet PRESUPUESTO proceso
A2: PRESUPUESTO
A4: ITEM | B4: DESCRIPCION | C4: UNIDAD | D4: CANTIDAD | E4: VALOR UNITARIO | F4: VALOR TOTAL
A5: I | B5: PRODUCTO FRIJOL | F5: 0
A7: 1 | B7: EQUIPOS PARA FRIJOL | F7: 0 | I7: =+#REF!/9 -> #REF!
A8: 1.1 | B8: SUMINISTRO DE EMPAQUETADORAS DE FRIJOL. 30 EMPAQUES X MINUTO DE 500 O 1000 GR, Incluye Sirel para impresión de alta velocidad Y diseño de publicidad para empaque en polietileno | C8: UND | D8: 9 | E8: 0 | F8: 0 | G8: =+#REF!*1.11 -> #REF!
A9: 1.2 | B9: EMPAQUE - BOLSA PLASTICA TUBULAR DE BAJA DENSIDAD DE 6" ANCHO IMPRESA POR AMBAS CARAS A CUATRO TINTAS PARA EMPACADO DE FRIJOL EN PRESENTACION DE BOLSAX500GR BOLSA X 1000 GR | C9: KG | D9: 1683 | E9: 0 | F9: =+E9*D9 -> 0 | G9: =ROUND(+#REF!*1.11,0) -> #REF!
A10: ITEM | B10: DESCRIPCION | C10: UNIDAD | D10: CANTIDAD | E10: VALOR UNITARIO | F10: VALOR TOTAL
A11: II | B11: PRODUCTO CAFÉ | F11: 0 | I11: =+#REF!-#REF! -> #REF!
A13: 1 | B13: EQUIPOS PARA SECADO DE CAFÉ | F13: 0
A14: 1.1 | B14: SISTEMA DE SECADO PARA PERGAMINO HUMEDO DE CAFÉ TIPO TORRE CON CAPACIADAD PARA 1 TONELADA (80@) C.P.S (Café Pergamino Seco) | C14: UND | D14: 7 | E14: 0 | F14: 0 | G14: =+#REF!*1.11 -> #REF!
A15: 1.2 | B15: SISTEMA DE SECADO PARA PERGAMINO HUMEDO DE CAFÉ TIPO ROTATIVO CON CAPACIADAD PARA 2 TONELADA (160@) C.P.S (Café Pergamino Seco) | C15: UND | D15: 3 | E15: 0 | F15: 0 | G15: =+#REF!*1.11 -> #REF!
A16: 1.3 | B16: SISTEMA DE SECADO PARA PERGAMINO HUMEDO DE CAFÉ TIPO DE TORRE CON CAPACIADAD PARA 3 TONELADA (240@) C.P.S (Café Pergamino Seco) | C16: UND | D16: 3 | E16: 0 | F16: 0 | G16: =+#REF!*1.11 -> #REF!
A17: 1.4 | B17: SISTEMA DE SECADO PARA PERGAMINO HUMEDO DE CAFÉ TIPO DE TORRE CON CAPACIADAD PARA 5 TONELADA (400@) C.P.S (Café Pergamino Seco) | C17: UND | D17: 2 | E17: 0 | F17: =+E17*D17 -> 0 | G17: =+#REF!*1.11 -> #REF!
A18: 2 | B18: EQUIPOS PARA TOSTION | F18: 0 | I18: =+#REF!/3 -> #REF!
A19: 2.1 | B19: TOSTADORA PARA CAFÉ A GAS PROPANO, CAPCIDAD DE 6KG POR BACHE (15-20 MINUTOS) A 110V - 60Hz, CON TABLERO ELECTRICO CON INDICADOR DE TEMPERATURA, ON-OFF MOTORES. DIMENSION 110CM(ALTO) X 77CM(ANCHO) X 115CM(PRODUNDIDAD), EN ACERO INOXDABLE QUE CUMPLA NORMA PARA ALIMENTOS. PESO MAX. 100KG. INCLUYE ACCESORIOS | C19: UND | D19: 3 | E19: 0 | F19: 0 | G19: =+#REF!*1.11 -> #REF!
A20: 2.2 | B20: TRILLADORA DE CAFÉ PERGAMINO SECO DE FLUJO CONTINUO, CAPACIDAD 180 KG/Hr, MOTOR 1,5 HP A 1750 RPM MONOFASICO (110V-220V) 60Hz; SWITCH ON - OFF; DIMENSIONES 133CM(ALTO) X 40 CM(ANCHO) X 90CM(PROFUNDIDAD); EN ACERO INOXIDABLE, PINTURA ELECTROSTATICA Y CROMO | C20: UND | D20: 3 | E20: 0 | F20: =+E20*D20 -> 0 | G20: =+#REF!*1.11 -> #REF!
A21: 2.3 | B21: ZARANDA SELECCIONADOR POR TAMAÑO PARA CAFÉ TIPO ALMENDRA; CAPCAIDAD 100-300 KG/Hr; MOTOR 3/4 HP 1750 RPM MONOFASICO (110V-220V) 60 Hz; 104CM (ALTO) X 88CM (ANCHO) X 180CM (PROFUNDIDAD); ZARANDAS EN ALUMINIO INOCUO, ACERO INOXIDABLE Y PINTURA ELECTROSTATICA; PESO 100 KG. INCLUYE ACCESORIOS | C21: UND | D21: 3 | E21: 0 | F21: 0 | G21: =+#REF!*1.11 -> #REF!
A22: 2.4 | B22: SELLADORA AUTOMATICA DE CALOR CONSTANTE PARA BOLSAS PLASTICAS; CAPCIADAD 25 BOLSAS X MINUTO; REDUCTOR 40 W MONOFASICO 110V 60Hz; CON CONTROLADOR DE TEMPERATURA, SWITCH ON-OFF; 25CM (ALTO) X 18CM (ANCHO) X 25CM (PROFUNDIDAD); PINTURA ELECTROSTATICA Y BRONCE; PESO 8 KG. INCLUYE ACCESORIOS | C22: UND | D22: 3 | E22: 0 | F22: 0 | G22: =+#REF!*1.11 -> #REF!
A23: 2.5 | B23: MOLINO PARA CAFÉ, CAPACIDAD 30 KG/Hr; MOTOR 3/4 HP 120V 60Hz 9AMP, SWITCH ON-OFF SISTEMA DE SEGURIDAD PARA ENCENDIDO CON BOLSA UBICADA; 69,1CM (ALTO) X 18,8CM (ANCHO) X 40,4CM (PROFUNDIDAD); EN ACERO INOXIDABLE, ACERO AL CARBON Y PLASTICO; INCLUYE ACCESORIOS | C23: UND | D23: 3 | E23: 0 | F23: 0 | G23: =ROUND(+#REF!*1.11,0) -> #REF!
A24: 3 | B24: EQUIPOS PARA LABORATORIO DE CAFÉ | F24: 0 | I24: =+#REF!/3 -> #REF!
A25: 3.1 | B25: BALANZA ELECTRONICA DE PRESICION (0,1 - 1000 Gr) | C25: UND | D25: 3 | E25: 0 | F25: 0 | G25: =+#REF!*1.11 -> #REF!
A26: 3.2 | B26: DETERMINADOR DE HUMEDAD PARA VARIOS GRANOS, CON INDICACION DE % DE HUMEDAD Y TEMPERATURA DE LA MUESTRA EN FORMA DIGITAL | C26: UND | D26: 3 | E26: 0 | F26: 0 | G26: =+#REF!*1.11 -> #REF!
A27: 3.3 | B27: TOSTADORA LABORARTORIO PARA CAFÉ A GAS PROPANO, CAPACIADAD 80-100 GR DE CAFÉ VERDE ALMENDRA | C27: UND | D27: 3 | E27: 0 | F27: 0 | G27: =+#REF!*1.11 -> #REF!
A28: 3.4 | B28: MOLINO PARA CAFÉ, CAPACIDAD TOLVA 2 LBS, MOLIENDA RAPIDA 2 LBS/60 SEGUNDOS, CON AJUSTE PARA GRANULOMETRIAS DIFERENTES, 120 V 1320W 11 Amp, 17,8CM (ANCHO) X 87,2CM (ALTO) X 40,2CM (PROFUNDIDAD) | C28: UND | D28: 3 | E28: 0 | F28: 0 | G28: =+#REF!*1.11 -> #REF!
A29: 3.5 | B29: CAFETERA CON COMPONENTES INTERNOS EN ACERO INOXIDABLE, CON CAPACIADAD PARA TERMOS DE 1,9 A 2,5 L; 110V 1320W 11 Amp; CAPCAIDAD 14,4 L/HORA | C29: UND | D29: 3 | E29: 0 | F29: 0 | G29: =+#REF!*1.11 -> #REF!
A30: 3.6 | B30: CALENTADOR DE AGUA, CAPACIDAD 2 GLN; 110V 1800W 15 Amp; PESO 10,4 KG; 18CM (ANCHO) X 61CM (ALTO) X 36,3CM (PROFUNDIDAD) | C30: UND | D30: 3 | E30: 0 | F30: 0 | G30: =ROUND(+#REF!*1.11,0) -> #REF!
A31: 3.7 | B31: SISTEMA FILTRANTE, CAPACIDAD DE FILTRACION DE AGUA 5 GPM (18,9 Lpm); PRESION DEL AGUA 10-125 PSI. (certificado NSF / ANSI Standard 53 para reducir quistes como Cryptosporidium y Giardia por medios mecánicos; acreditado por la ISO 17025 sobre la capacidad para reducir el 99.999% de Pseudomonas diminuta, siguiendo el ASTM F838-05 y sobre filtros de grado esterilizante con el protocolo para la validación de 0.2 μm.) | C31: UND | D31: 3 | E31: 0 | F31: 0 | G31: =ROUND(+#REF!*1.11,0) -> #REF!
A32: 3.8 | B32: JARRA TERMO 1,9 L; EN ACERO INOXIDABLE, MANIJA PLASTICA; PESO 1,5 KG; 18,4CM (ALTO) X 16,5CM (ANCHO) | C32: UND | D32: 3 | E32: 0 | F32: 0 | G32: =ROUND(+#REF!*1.11,0) -> #REF!
A33: 3.9 | B33: LIMPIADOR EQUIPOS DE CAFÉ; PRESENTACION 120 TABLETAS; 1 TABLETA PARA 6 L DE AGUA LIMPIA | C33: UND | D33: 3 | E33: 0 | F33: 0 | G33: =ROUND(+#REF!*1.11,0) -> #REF!
A34: 3.1 | B34: KIT NARIZ DEL CAFÉ; 36 FRASCOS CON AROMAS | C34: UND | D34: 3 | E34: 0 | F34: 0 | G34: =ROUND(+#REF!*1.11,0) -> #REF!
A35: 3.11 | B35: BANDEJA PARA MUESTRA DE CAFÉ, CAPCIDAD 150 A 200 GR | C35: UND | D35: 30 | E35: 0 | F35: 0 | G35: =+#REF!*1.11 -> #REF!
A36: 3.12 | B36: CUCHARA CATACION SENCILLA EN ACERO INOXIDABLE; DIAMETRO 4 CM; MANGO 10,5CM | C36: UND | D36: 15 | E36: 0 | F36: =+E36*D36 -> 0 | G36: =ROUND(+#REF!*1.11,0) -> #REF!
A37: 3.13 | B37: CUCHARA PARA MUESTRA DE TOSTADORA; EN ACERO INOXIDABLE | C37: UND | D37: 3 | E37: 0 | F37: =+E37*D37 -> 0 | G37: =ROUND(+#REF!*1.11,0) -> #REF!
A38: 3.14 | B38: CRONOMETRO DIGITAL PARA LABORATORIO; Max cuenta regresiva 99 min 59 Seg. | C38: UND | D38: 3 | E38: 0 | F38: =+E38*D38 -> 0 | G38: =ROUND(+#REF!*1.11,0) -> #REF!
A39: 3.15 | B39: TERMOHIGROMETRO DIGITAL | C39: UND | D39: 3 | E39: 0 | F39: =+E39*D39 -> 0 | G39: =ROUND(+#REF!*1.11,0) -> #REF!
A40: 3.16 | B40: SONDA CHUZO PARA CAFÉ PERGAMINO SECO, 1 1/4" (DIAMETRO) X 75 CM (LARGO); EN CROMO | C40: UND | D40: 3 | E40: 0 | F40: =+E40*D40 -> 0 | G40: =ROUND(+#REF!*1.11,0) -> #REF!
A41: 3.17 | B41: COLORIMETRO DIGITAL PARA CAFÉ | C41: UND | D41: 3 | E41: 0 | F41: =+E41*D41 -> 0 | G41: =+#REF!*1.11 -> #REF!
A42: 3.18 | B42: JUEGO DE MALLAS O TAMICES (7 TAMICES DE 12/64” – 13/64”– 14/64” – 15/64” – 16/64” -17/64”– 18/64”), EN Coll rolled calibre 22 y bordes en madera; INCLUYE Malla 0 o base y tapa | C42: UND | D42: 3 | E42: 0 | F42: =+E42*D42 -> 0 | G42: =+#REF!*1.11 -> #REF!
A43: 3.19 | B43: HOMOGENIZADOR TIPO BOERNER; FABRICADO EN Bronce y Acero inoxidable; CAPACIDAD Pergamino: 10 kg, Almendra: 3 kg. | C43: UND | D43: 3 | E43: 0 | F43: =+E43*D43 -> 0 | G43: =+#REF!*1.11 -> #REF!
A44: 4 | B44: ASISTENCIA TECNICA | F44: 0
A45: 4.1 | B45: REALIZAR 20 TALLERES SOBRE MANEJO SOCIOEMPRESARIAL, ORGANIZACIONAL, LÍDERAZGO, MERCADEO Y COMERCIALIZACIÓN DE PRODUCTOS AGROPECUARIOS. (2 TALLERES POR BENEFICIARIO CON UNA DURACION DE 4 HORAS CON UN MAXIMO DE 35 PARTICIPANTES POR TALLER) | C45: UND | D45: 20 | E45: 0 | F45: 0 | G45: =+#REF!*1.11 -> #REF!
A46: 4.2 | B46: OBTENER EL REGISTRO SANITTARIO INVIMA PARA EMPAQUETADO Y COMERCIALIZACIÓN DE FRIJOL. | C46: UND | D46: 1 | E46: 0 | F46: =+E46*D46 -> 0 | G46: =+#REF!*1.11 -> #REF!
A47: 4.3 | B47: REALIZAR UNA (1) RUEDA DE NEGOCIOS CON LA PARTICIPACION DE 50 PRODUCTORES DE CAFÉ Y FRIJOL VINCULADOS A LOS GRUPOS ASOCIATIVOS BENEFICIADOS (SUMINISTRAR AUDITORIO, REFRIGERIOS, AYUDAS AUDIOVISULAES, PUBLICIDAD DIGITAL E IMPRESA) | C47: UND | D47: 1 | E47: 0 | F47: 0 | G47: =+#REF!*1.11 -> #REF!
B48: TOTAL IVA INCLUIDO | F48: =+F11+F5 -> 0 | G48: =SUM(G8:G47) -> #REF! | H48: =100*20000 -> 2000000 | I48: REFRIGERIOS PARA 100 PERSONAS JORNADA MAÑANA Y TARDE
B49: Administración | C49: % | D49: 11 | F49: =ROUND(+F48*D49%,0) -> 0 | H49: 1000000 | I49: PUBLICIDAD DEL EVENTO (1 PASACALLE 6MTS X 1 MTS Y 25 PENDONES 1 MTS X 1,2 MTS - BANNER FULL COLOR)
B50: TOTAL GENERAL | F50: =+F48+F49 -> 0 | H50: 1500000 | I50: AUDITORIO SALON CAPCIDAD 100 PERSONAS (MESAS Y SILLAS)
H51: =SUM(H48:H50) -> 4500000
B53: ING. FREDDY ALEXANDER GONZALEZ BARRERA
B54: Profesional de Apoyo SEDAM

Sheet PRESUPUESTO 2
A2: PRESUPUESTO
A4: ITEM | B4: DESCRIPCION | C4: UNIDAD | D4: CANTIDAD | E4: VALOR UNITARIO | F4: VALOR TOTAL | G4: APORTE GOBERNACION
A5: I | B5: PRODUCTO FRIJOL | F5: =+F7 -> 260470980 | G5: =+G7 -> 260470980
A7: 1 | B7: EQUIPOS PARA FRIJOL | F7: =+F8+F9 -> 260470980 | G7: =+G8+G9 -> 260470980 | J7: =+G7/9 -> 28941220
A8: 1.1 | B8: SUMINISTRO DE EMPAQUETADORAS DE FRIJOL. 30 EMPAQUES X MINUTO DE 500 O 1000 GR, Incluye Sirel para impresión de alta velocidad Y diseño de publicidad para empaque en polietileno | C8: UND | D8: 9 | E8: 25938000 | F8: =+E8*D8 -> 233442000 | G8: =+F8 -> 233442000 | H8: =+G8*1.11 -> 2.5912062e+08
A9: 1.2 | B9: EMPAQUE - BOLSA PLASTICA TUBULAR DE BAJA DENSIDAD DE 6" ANCHO IMPRESA POR AMBAS CARAS A CUATRO TINTAS PARA EMPACADO DE FRIJOL EN PRESENTACION DE BOLSAX500GR BOLSA X 1000 GR | C9: KG | D9: 1683 | E9: 16060 | F9: =+E9*D9 -> 27028980 | G9: =+F9 -> 27028980 | H9: =ROUND(+G9*1.11,0) -> 30002168
A10: ITEM | B10: DESCRIPCION | C10: UNIDAD | D10: CANTIDAD | E10: VALOR UNITARIO | F10: VALOR TOTAL | G10: APORTE GOBERNACION
A11: II | B11: PRODUCTO CAFÉ | F11: =+F13+F18+F24+F44 -> 1313178123 | G11: =+G13+G18+G24+G44 -> 1313178123 | J11: =+G11-G44 -> 1262178123
A13: 1 | B13: EQUIPOS PARA SECADO DE CAFÉ | F13: =+F14+F15+F16+F17 -> 859090000 | G13: =+G14+G15+G16+G17 -> 859090000
A14: 1.1 | B14: SISTEMA DE SECADO PARA PERGAMINO HUMEDO DE CAFÉ TIPO TORRE CON CAPACIADAD PARA 1 TONELADA (80@) C.P.S (Café Pergamino Seco) | C14: UND | D14: 7 | E14: 40810000 | F14: =+E14*D14 -> 285670000 | G14: =+F14 -> 285670000 | H14: =+G14*1.11 -> 317093700
A15: 1.2 | B15: SISTEMA DE SECADO PARA PERGAMINO HUMEDO DE CAFÉ TIPO ROTATIVO CON CAPACIADAD PARA 2 TONELADA (160@) C.P.S (Café Pergamino Seco) | C15: UND | D15: 3 | E15: 55440000 | F15: =+E15*D15 -> 166320000 | G15: =+F15 -> 166320000 | H15: =+G15*1.11 -> 1.846152e+08
A16: 1.3 | B16: SISTEMA DE SECADO PARA PERGAMINO HUMEDO DE CAFÉ TIPO DE TORRE CON CAPACIADAD PARA 3 TONELADA (240@) C.P.S (Café Pergamino Seco) | C16: UND | D16: 3 | E16: 71060000 | F16: =+E16*D16 -> 213180000 | G16: =+F16 -> 213180000 | H16: =+G16*1.11 -> 2.366298e+08
A17: 1.4 | B17: SISTEMA DE SECADO PARA PERGAMINO HUMEDO DE CAFÉ TIPO DE TORRE CON CAPACIADAD PARA 5 TONELADA (400@) C.P.S (Café Pergamino Seco) | C17: UND | D17: 2 | E17: 96960000 | F17: =+E17*D17 -> 193920000 | G17: =+F17 -> 193920000 | H17: =+G17*1.11 -> 2.152512e+08
A18: 2 | B18: EQUIPOS PARA TOSTION | F18: =SUM(F19:F23) -> 1.5054105e+08 | G18: =SUM(G19:G23) -> 1.5054105e+08 | J18: =+G18/3 -> 50180350
A19: 2.1 | B19: TOSTADORA PARA CAFÉ A GAS PROPANO, CAPCIDAD DE 6KG POR BACHE (15-20 MINUTOS) A 110V - 60Hz, CON TABLERO ELECTRICO CON INDICADOR DE TEMPERATURA, ON-OFF MOTORES. DIMENSION 110CM(ALTO) X 77CM(ANCHO) X 115CM(PRODUNDIDAD), EN ACERO INOXDABLE QUE CUMPLA NORMA PARA ALIMENTOS. PESO MAX. 100KG. INCLUYE ACCESORIOS | C19: UND | D19: 3 | E19: =21420000*1.1 -> 23562000 | F19: =+E19*D19 -> 70686000 | G19: =+F19 -> 70686000 | H19: =+G19*1.11 -> 78461460
A20: 2.2 | B20: TRILLADORA DE CAFÉ PERGAMINO SECO DE FLUJO CONTINUO, CAPACIDAD 180 KG/Hr, MOTOR 1,5 HP A 1750 RPM MONOFASICO (110V-220V) 60Hz; SWITCH ON - OFF; DIMENSIONES 133CM(ALTO) X 40 CM(ANCHO) X 90CM(PROFUNDIDAD); EN ACERO INOXIDABLE, PINTURA ELECTROSTATICA Y CROMO | C20: UND | D20: 3 | E20: =5000000*1.1 -> 5500000 | F20: =+E20*D20 -> 16500000 | G20: =+F20 -> 16500000 | H20: =+G20*1.11 -> 18315000
A21: 2.3 | B21: ZARANDA SELECCIONADOR POR TAMAÑO PARA CAFÉ TIPO ALMENDRA; CAPCAIDAD 100-300 KG/Hr; MOTOR 3/4 HP 1750 RPM MONOFASICO (110V-220V) 60 Hz; 104CM (ALTO) X 88CM (ANCHO) X 180CM (PROFUNDIDAD); ZARANDAS EN ALUMINIO INOCUO, ACERO INOXIDABLE Y PINTURA ELECTROSTATICA; PESO 100 KG. INCLUYE ACCESORIOS | C21: UND | D21: 3 | E21: =9500000*1.1 -> 10450000 | F21: =+E21*D21 -> 31350000 | G21: =+F21 -> 31350000 | H21: =+G21*1.11 -> 34798500
A22: 2.4 | B22: SELLADORA AUTOMATICA DE CALOR CONSTANTE PARA BOLSAS PLASTICAS; CAPCIADAD 25 BOLSAS X MINUTO; REDUCTOR 40 W MONOFASICO 110V 60Hz; CON CONTROLADOR DE TEMPERATURA, SWITCH ON-OFF; 25CM (ALTO) X 18CM (ANCHO) X 25CM (PROFUNDIDAD); PINTURA ELECTROSTATICA Y BRONCE; PESO 8 KG. INCLUYE ACCESORIOS | C22: UND | D22: 3 | E22: =3808000*1.1 -> 4188800 | F22: =+E22*D22 -> 12566400 | G22: =+F22 -> 12566400 | H22: =+G22*1.11 -> 13948704
A23: 2.5 | B23: MOLINO PARA CAFÉ, CAPACIDAD 30 KG/Hr; MOTOR 3/4 HP 120V 60Hz 9AMP, SWITCH ON-OFF SISTEMA DE SEGURIDAD PARA ENCENDIDO CON BOLSA UBICADA; 69,1CM (ALTO) X 18,8CM (ANCHO) X 40,4CM (PROFUNDIDAD); EN ACERO INOXIDABLE, ACERO AL CARBON Y PLASTICO; INCLUYE ACCESORIOS | C23: UND | D23: 3 | E23: =5890500*1.1 -> 6479550 | F23: =+E23*D23 -> 19438650 | G23: =+F23 -> 19438650 | H23: =ROUND(+G23*1.11,0) -> 21576902
A24: 3 | B24: EQUIPOS PARA LABORATORIO DE CAFÉ | F24: =SUM(F25:F43) -> 252547073 | G24: =SUM(G25:G43) -> 252547073 | J24: =+G24/3 -> 84182358
A25: 3.1 | B25: BALANZA ELECTRONICA DE PRESICION (0,1 - 1000 Gr) | C25: UND | D25: 3 | E25: =1428000*1.1 -> 1570800 | F25: =+E25*D25 -> 4712400 | G25: =+F25 -> 4712400 | H25: =+G25*1.11 -> 5230764
A26: 3.2 | B26: DETERMINADOR DE HUMEDAD PARA VARIOS GRANOS, CON INDICACION DE % DE HUMEDAD Y TEMPERATURA DE LA MUESTRA EN FORMA DIGITAL | C26: UND | D26: 3 | E26: =3927000*1.1 -> 4319700 | F26: =+E26*D26 -> 12959100 | G26: =+F26 -> 12959100 | H26: =+G26*1.11 -> 14384601
A27: 3.3 | B27: TOSTADORA LABORARTORIO PARA CAFÉ A GAS PROPANO, CAPACIADAD 80-100 GR DE CAFÉ VERDE ALMENDRA | C27: UND | D27: 3 | E27: =36900000*1.1 -> 40590000 | F27: =+E27*D27 -> 121770000 | G27: =+F27 -> 121770000 | H27: =+G27*1.11 -> 135164700
A28: 3.4 | B28: MOLINO PARA CAFÉ, CAPACIDAD TOLVA 2 LBS, MOLIENDA RAPIDA 2 LBS/60 SEGUNDOS, CON AJUSTE PARA GRANULOMETRIAS DIFERENTES, 120 V 1320W 11 Amp, 17,8CM (ANCHO) X 87,2CM (ALTO) X 40,2CM (PROFUNDIDAD) | C28: UND | D28: 3 | E28: =6188000*1.1 -> 6806800 | F28: =+E28*D28 -> 20420400 | G28: =+F28 -> 20420400 | H28: =+G28*1.11 -> 22666644
A29: 3.5 | B29: CAFETERA CON COMPONENTES INTERNOS EN ACERO INOXIDABLE, CON CAPACIADAD PARA TERMOS DE 1,9 A 2,5 L; 110V 1320W 11 Amp; CAPCAIDAD 14,4 L/HORA | C29: UND | D29: 3 | E29: =2116000*1.1 -> 2327600 | F29: =+E29*D29 -> 6982800 | G29: =+F29 -> 6982800 | H29: =+G29*1.11 -> 7750908
A30: 3.6 | B30: CALENTADOR DE AGUA, CAPACIDAD 2 GLN; 110V 1800W 15 Amp; PESO 10,4 KG; 18CM (ANCHO) X 61CM (ALTO) X 36,3CM (PROFUNDIDAD) | C30: UND | D30: 3 | E30: =4233306*1.1 -> 4656636.6 | F30: =ROUND(+E30*D30,0) -> 13969910 | G30: =+F30 -> 13969910 | H30: =ROUND(+G30*1.11,0) -> 15506600
A31: 3.7 | B31: SISTEMA FILTRANTE, CAPACIDAD DE FILTRACION DE AGUA 5 GPM (18,9 Lpm); PRESION DEL AGUA 10-125 PSI. (certificado NSF / ANSI Standard 53 para reducir quistes como Cryptosporidium y Giardia por medios mecánicos; acreditado por la ISO 17025 sobre la capacidad para reducir el 99.999% de Pseudomonas diminuta, siguiendo el ASTM F838-05 y sobre filtros de grado esterilizante con el protocolo para la validación de 0.2 μm.) | C31: UND | D31: 3 | E31: =2487100*1.1 -> 2735810 | F31: =+E31*D31 -> 8207430 | G31: =+F31 -> 8207430 | H31: =ROUND(+G31*1.11,0) -> 9110247
A32: 3.8 | B32: JARRA TERMO 1,9 L; EN ACERO INOXIDABLE, MANIJA PLASTICA; PESO 1,5 KG; 18,4CM (ALTO) X 16,5CM (ANCHO) | C32: UND | D32: 3 | E32: =279701*1.1 -> 307671.1 | F32: =ROUND(+E32*D32,0) -> 923013 | G32: =+F32 -> 923013 | H32: =ROUND(+G32*1.11,0) -> 1024544
A33: 3.9 | B33: LIMPIADOR EQUIPOS DE CAFÉ; PRESENTACION 120 TABLETAS; 1 TABLETA PARA 6 L DE AGUA LIMPIA | C33: UND | D33: 3 | E33: =102809*1.1 -> 113089.9 | F33: =ROUND(+E33*D33,0) -> 339270 | G33: =+F33 -> 339270 | H33: =ROUND(+G33*1.11,0) -> 376590
A34: 3.1 | B34: KIT NARIZ DEL CAFÉ; 36 FRASCOS CON AROMAS | C34: UND | D34: 3 | E34: =2201500*1.1 -> 2421650 | F34: =+E34*D34 -> 7264950 | G34: =+F34 -> 7264950 | H34: =ROUND(+G34*1.11,0) -> 8064095
A35: 3.11 | B35: BANDEJA PARA MUESTRA DE CAFÉ, CAPCIDAD 150 A 200 GR | C35: UND | D35: 30 | E35: =15000*1.1 -> 16500 | F35: =+E35*D35 -> 495000 | G35: =+F35 -> 495000 | H35: =+G35*1.11 -> 549450
A36: 3.12 | B36: CUCHARA CATACION SENCILLA EN ACERO INOXIDABLE; DIAMETRO 4 CM; MANGO 10,5CM | C36: UND | D36: 15 | E36: =20230*1.1 -> 22253 | F36: =+E36*D36 -> 333795 | G36: =+F36 -> 333795 | H36: =ROUND(+G36*1.11,0) -> 370512
A37: 3.13 | B37: CUCHARA PARA MUESTRA DE TOSTADORA; EN ACERO INOXIDABLE | C37: UND | D37: 3 | E37: =29750*1.1 -> 32725 | F37: =+E37*D37 -> 98175 | G37: =+F37 -> 98175 | H37: =ROUND(+G37*1.11,0) -> 108974
A38: 3.14 | B38: CRONOMETRO DIGITAL PARA LABORATORIO; Max cuenta regresiva 99 min 59 Seg. | C38: UND | D38: 3 | E38: =71400*1.1 -> 78540 | F38: =+E38*D38 -> 235620 | G38: =+F38 -> 235620 | H38: =ROUND(+G38*1.11,0) -> 261538
A39: 3.15 | B39: TERMOHIGROMETRO DIGITAL | C39: UND | D39: 3 | E39: =142800*1.1 -> 157080 | F39: =+E39*D39 -> 471240 | G39: =+F39 -> 471240 | H39: =ROUND(+G39*1.11,0) -> 523076
A40: 3.16 | B40: SONDA CHUZO PARA CAFÉ PERGAMINO SECO, 1 1/4" (DIAMETRO) X 75 CM (LARGO); EN CROMO | C40: UND | D40: 3 | E40: =105900*1.1 -> 116490 | F40: =+E40*D40 -> 349470 | G40: =+F40 -> 349470 | H40: =ROUND(+G40*1.11,0) -> 387912
A41: 3.17 | B41: COLORIMETRO DIGITAL PARA CAFÉ | C41: UND | D41: 3 | E41: =10115000*1.1 -> 11126500 | F41: =+E41*D41 -> 33379500 | G41: =+F41 -> 33379500 | H41: =+G41*1.11 -> 37051245
A42: 3.18 | B42: JUEGO DE MALLAS O TAMICES (7 TAMICES DE 12/64” – 13/64”– 14/64” – 15/64” – 16/64” -17/64”– 18/64”), EN Coll rolled calibre 22 y bordes en madera; INCLUYE Malla 0 o base y tapa | C42: UND | D42: 3 | E42: =952000*1.1 -> 1047200 | F42: =+E42*D42 -> 3141600 | G42: =+F42 -> 3141600 | H42: =+G42*1.11 -> 3487176
A43: 3.19 | B43: HOMOGENIZADOR TIPO BOERNER; FABRICADO EN Bronce y Acero inoxidable; CAPACIDAD Pergamino: 10 kg, Almendra: 3 kg. | C43: UND | D43: 3 | E43: =4998000*1.1 -> 5497800 | F43: =+E43*D43 -> 16493400 | G43: =+F43 -> 16493400 | H43: =+G43*1.11 -> 18307674
A44: 4 | B44: ASISTENCIA TECNICA | F44: =SUM(F45:F47) -> 51000000 | G44: =SUM(G45:G47) -> 51000000
A45: 4.1 | B45: REALIZAR 20 TALLERES SOBRE MANEJO SOCIOEMPRESARIAL, ORGANIZACIONAL, LÍDERAZGO, MERCADEO Y COMERCIALIZACIÓN DE PRODUCTOS AGROPECUARIOS. (2 TALLERES POR BENEFICIARIO CON UNA DURACION DE 4 HORAS CON UN MAXIMO DE 35 PARTICIPANTES POR TALLER) | C45: UND | D45: 20 | E45: 2000000 | F45: =+E45*D45 -> 40000000 | G45: =+F45 -> 40000000 | H45: =+G45*1.11 -> 44400000
A46: 4.2 | B46: OBTENER EL REGISTRO SANITTARIO INVIMA PARA EMPAQUETADO Y COMERCIALIZACIÓN DE FRIJOL. | C46: UND | D46: 1 | E46: 6000000 | F46: =+E46*D46 -> 6000000 | G46: =+F46 -> 6000000 | H46: =+G46*1.11 -> 6660000
A47: 4.3 | B47: REALIZAR UNA (1) RUEDA DE NEGOCIOS CON LA PARTICIPACION DE 50 PRODUCTORES DE CAFÉ Y FRIJOL VINCULADOS A LOS GRUPOS ASOCIATIVOS BENEFICIADOS (SUMINISTRAR AUDITORIO, REFRIGERIOS, AYUDAS AUDIOVISULAES, PUBLICIDAD DIGITAL E IMPRESA) | C47: UND | D47: 1 | E47: 5000000 | F47: =+E47*D47 -> 5000000 | G47: =+F47 -> 5000000 | H47: =+G47*1.11 -> 5550000
B48: TOTAL IVA INCLUIDO | F48: =+F11+F5 -> 1573649103 | G48: =+G11+G5 -> 1573649103 | H48: =SUM(H8:H47) -> 1746750504 | I48: =100*20000 -> 2000000 | J48: REFRIGERIOS PARA 100 PERSONAS JORNADA MAÑANA Y TARDE
A49: 5 | B49: Apoyo a la supervisón | C49: MES | D49: 4 | E49: 7000000 | F49: =+E49*D49 -> 28000000 | G49: =+F49 -> 28000000 | I49: 500000 | J49: Sonido, video beam, micrófonos inalámbricos y equipos necesarios para el desarrollo del evento un día
B50: AIU | C50: % | D50: 11 | F50: =ROUND(+F48*D50%,0) -> 173101401 | G50: =+F50 -> 173101401 | I50: 1000000 | J50: PUBLICIDAD DEL EVENTO (1 PASACALLE 6MTS X 1 MTS Y 25 PENDONES 1 MTS X 1,2 MTS - BANNER FULL COLOR)
B51: TOTAL GENERAL | F51: =+F49+F48+F50 -> 1774750504 | G51: =+G49+G48+G50 -> 1774750504 | I51: 1500000 | J51: AUDITORIO SALON CAPCIDAD 100 PERSONAS (MESAS Y SILLAS)
I52: =SUM(I48:I51) -> 5000000
B54: ING. FREDDY ALEXANDER GONZALEZ BARRERA
B55: Profesional de Apoyo SEDAM

Sheet ESTUDIO DE MERCADO
A2: CUADRO COMPARATIVO Y ESTUDIO DE MERCADO PARA LOS EQUIPOS Y ELEMENTOS A SUMINISTRAR EN EL MARCO DEL PROYECTO: FORTALECIMIENTO TÉCNICO PARA LA TRANSFORMACION DE PRODUCTOS AGROPECUARIOS DE LOS SECTORES CAFETERO y CEREALERO MEDIANTE LA DOTACIÓN DE ACTIVOS PRODUCTIVOS A PEQUEÑOS Y MEDIANOS PRODUCTORES EN EL DEPARTAMENTO DEL HUILA
A3: PRESUPUESTO DE EQUIPOS Y ELEMENTOS PARA EL PROYECTO: FORTALECIMIENTO TÉCNICO PARA LA TRANSFORMACION DE PRODUCTOS AGROPECUARIOS DE LOS SECTORES CAFETERO y CEREALERO MEDIANTE LA DOTACIÓN DE ACTIVOS PRODUCTIVOS A PEQUEÑOS Y MEDIANOS PRODUCTORES EN EL DEPARTAMENTO DEL HUILA | H3: ESTUDIO DE MERCADO
A4: ITEM | B4: DESCRIPCION | C4: UNIDAD | D4: CANTIDAD | E4: VALOR UNITARIO | F4: VALOR TOTAL | H4: PROVEEDORES QUE OFERTARON | K4: ANALISIS DE LA OFERTA | L4: RESULTADO DEL ANALISIS
A5: I | B5: PRODUCTO FRIJOL | F5: =+F6 -> 234532980
A6: 1 | B6: EQUIPOS PARA FRIJOL | F6: =+F7+F8 -> 234532980 | H6: JOSERREGO | I6: MAQUINAS AGROINDUSTRIALES | J6: TECNOLOGÍA EN MAQUINARIA DE EMPAQUE - TME | K6: CRITERIOS DE SELECCIÓN | L6: OFERTA SELECCIONADA
A7: 1.1 | B7: SUMINISTRO DE EMPAQUETADORAS DE FRIJOL. 30 EMPAQUES X MINUTO DE 500 O 1000 GR, Incluye Sirel para impresión de alta velocidad Y diseño de publicidad para empaque en polietileno | C7: UND | D7: 8 | E7: 25938000 | F7: =+E7*D7 -> 207504000 | H7: 25938000 | I7: 32400000 | J7: 106267000 | K7: 1. Las tres (3) cotizaciones corresponden a los requerimientos definidos en el Presupuesto del proyecto y corresponde a equipos fabricados en acero inoxidable identificados como los necesarios para ser utilizados en el proyecto. 2. El valor de los precios ofrecidos incluye la carga impositiva legal en el caso que aplique. 3. Los valores cotizados por cada uno de los oferentes difieren considerablemente, y deben ser considerados a la hora de seleccionar la mejor cotización, conforme las especificaciones técnicas difieren en cada propuesta, lo cual indica tambien un factor a tener en cuenta. 4. Las condiciones cotizadas difieren entre sí en cuanto a lugar de entrega de los equipos, uno cotiza con entregas en los municipios beneficiados y las otras dos en el sitio de fabricación, los tiempos de validez de oferta son diferentes, los precios presentan variaciones considerables; algunas ofrecen garantias hasta de 6 mese por defectos de fabricación elemento a tener en cuenta como valor agregado, algunos ofrecen kit de repuestos como valor agregado, servicio de intalación y capacitación en operación incluido dentro del costo, para tener en cuenta en la selección. 5. Dos de las empresas no cotizan el suministro de empaques. | L7: Una vez revisadas y analizadas cada una de las cotizaciones presentadas se realiza la selección de la que fuera más favorable para el proyecto. Se evalua y comparan los precios ofertados y las condiciones particulares de cada uno Vs el valor estimado de presupuesto para su adquisición. De lo anterior, se pudo establecer que la oferta mas favorable para la institución y para el proyecto es la cotización presentada por la firma JOSERREGO SAS en razón a que precisan qué se encargan de los costos de transporte para entrega de los elementos a adquirir, Es la cotización de menor valor con cobertura de garantia sobre defectos de fabricación de los elementos hasta por Seis (6) meses.
A8: 1.2 | B8: EMPAQUE - BOLSA PLASTICA TUBULAR DE BAJA DENSIDAD DE 6" ANCHO IMPRESA POR AMBAS CARAS A CUATRO TINTAS PARA EMPACADO DE FRIJOL EN PRESENTACION DE BOLSAX500GR BOLSA X 1000 GR | C8: KG | D8: 1683 | E8: 16060 | F8: =+E8*D8 -> 27028980 | H8: 16060 | I8: 0 | J8: 0
A9: II | B9: PRODUCTO CAFÉ | F9: =+F10+F16+F22 -> 1068258123 | H9: =SUM(H7:H8) -> 25954060 | I9: =SUM(I7:I8) -> 32400000 | J9: =SUM(J7:J8) -> 106267000
A10: 1 | B10: EQUIPOS PARA SECADO DE CAFÉ | F10: =+F11+F12+F13 -> 665170000 | H10: JOTA GALLO | I10: AGROCIVILES DE TORRE | J10: AGROCIVILES ROTATIVO | K10: 1. Las tres (3) cotizaciones corresponden a los requerimientos definidos en el Presupuesto del proyecto identificados como los necesarios para ser utilizados en el proyecto, sin embargo con diferentes formas de operación cada uno, una empresa presenta dos (2) ofertas con equipos diferentes para el mismo fin y con las mismas capacidades de secado, la otra con capacidades superiores a las solicitadas. 2. El valor de los precios ofrecidos incluye la carga impositiva legal en el caso que aplique. 3. Los valores cotizados por cada uno de los oferentes difieren considerablemente, y deben ser considerados a la hora de seleccionar la mejor cotización, conforme las especificaciones técnicas difieren en cada propuesta, lo cual indica tambien un factor a tener en cuenta. 4. Las condiciones cotizadas difieren entre sí en cuanto a lugar de entrega de los equipos, uno cotiza con entregas en los municipios beneficiados y las otras dos en el sitio de fabricación (Neiva - Huila), los tiempos de validez de oferta son iguales, los precios presentan variaciones considerables; ninguna empresa ofrece garantia por defectos de fabricación elemento a tener en cuenta como valor agregado, Un proponente ofrece servicio de intalación y capacitación en operación incluido dentro del costo para tener en cuenta en la selección. | L10: Una vez revisadas y analizadas cada una de las cotizaciones presentadas se realiza la selección de la que fuera más favorable para el proyecto. Se evalua y comparan los precios ofertados y las condiciones particulares de cada uno Vs el valor estimado de presupuesto para su adquisición. De lo anterior, se pudo establecer que la oferta mas favorable para la institución y para el proyecto es la cotización presentada por la firma AGROCIVILES en razón a que Es la cotización de menor valor con cobertura local, lo que facilita adecuado seguimiento a la operación de los equipos.
A11: 1.1 | B11: SISTEMA DE SECADO PARA PERGAMINO HUMEDO DE CAFÉ TIPO TORRE CON CAPACIADAD PARA 1 TONELADA (80@) C.P.S (Café Pergamino Seco) | C11: UND | D11: 7 | E11: 40810000 | F11: =+E11*D11 -> 285670000 | H11: 48970000 | I11: 40810000 | J11: 33110000
A12: 1.2 | B12: SISTEMA DE SECADO PARA PERGAMINO HUMEDO DE CAFÉ TIPO TORRE CON CAPACIADAD PARA 2 TONELADA (160@) C.P.S (Café Pergamino Seco) | C12: UND | D12: 3 | E12: 55440000 | F12: =+E12*D12 -> 166320000 | H12: 72200000 | I12: 55440000 | J12: 55560000
A13: 1.3 | B13: SISTEMA DE SECADO PARA PERGAMINO HUMEDO DE CAFÉ TIPO DE TORRE CON CAPACIADAD PARA 3 TONELADA (240@) C.P.S (Café Pergamino Seco) | C13: UND | D13: 3 | E13: 71060000 | F13: =+E13*D13 -> 213180000 | H13: 85272000 | I13: 71060000 | J13: 71060000
A14: 1.4 | B14: SISTEMA DE SECADO PARA PERGAMINO HUMEDO DE CAFÉ TIPO DE TORRE CON CAPACIADAD PARA 5 TONELADA (400@) C.P.S (Café Pergamino Seco) | C14: UND | D14: 2 | E14: 96960000 | F14: =+E14*D14 -> 193920000 | H14: 125120000 | I14: 96960000 | J14: 104170000
H15: =SUM(H11:H14) -> 331562000 | I15: =SUM(I11:I14) -> 264270000 | J15: =SUM(J11:J14) -> 263900000
A16: 2 | B16: EQUIPOS PARA TOSTION | F16: =SUM(F17:F21) -> 1.5054105e+08 | H16: TALLERES INMCAFF | I16: PROMAIN INGENIERIA | J16: INSAK SAS | K16: 1. Solo (1) Una de las (3) cotizaciones corresponden a la totalidad de los requerimientos definidos en el Presupuesto del proyecto que fueron identificados como los necesarios para ser utilizados en el proyecto, una cotiza algunos elementos y la tercera solo cotiza un equipo. 2. El valor de los precios ofrecidos incluye la carga impositiva legal en el caso que aplique. 3. Los valores cotizados por cada uno de los oferentes difieren considerablemente, y deben ser considerados a la hora de seleccionar la mejor cotización, conforme las especificaciones técnicas varian para algunos productos, es decir se deben tener en cuenta cada una de las caracteristicas definidas para poder tomar decisiones. 4. Las condiciones cotizadas difieren entre sí en cuanto a lugar de entrega de los equipos, uno cotiza con entregas en en las instalaciones del cliente y las otras dos en el sitio de fabricación, los tiempos de validez de oferta son diferentes para todos, los precios presentan variaciones considerables; algunas ofrecen garantias hasta de 2 año por defectos de fabricación elemento a tener en cuenta como valor agregado. | L16: Una vez revisadas y analizadas cada una de las cotizaciones presentadas se realiza la selección de la que fuera más favorable para el proyecto. Se evalua y comparan los precios ofertados y las condiciones particulares de cada uno Vs el valor estimado de presupuesto para su adquisición. De lo anterior, se pudo establecer que la oferta mas favorable para la institución y para el proyecto es la cotización presentada por la firma TALLERES INMCAFF en razón a que es la cotización de menor valor, y los equipos propuestos son los que cumplen con las caracteristicas técnicas solicitadas por la institución.
A17: 2.1 | B17: TOSTADORA PARA CAFÉ A GAS PROPANO, CAPCIDAD DE 6KG POR BACHE (15-20 MINUTOS) A 110V - 60Hz, CON TABLERO ELECTRICO CON INDICADOR DE TEMPERATURA, ON-OFF MOTORES. DIMENSION 110CM(ALTO) X 77CM(ANCHO) X 115CM(PRODUNDIDAD), EN ACERO INOXDABLE QUE CUMPLA NORMA PARA ALIMENTOS. PESO MAX. 100KG. INCLUYE ACCESORIOS | C17: UND | D17: 3 | E17: =21420000*1.1 -> 23562000 | F17: =+E17*D17 -> 70686000 | H17: =21420000*1.1 -> 23562000 | I17: 0 | J17: 0
A18: 2.2 | B18: TRILLADORA DE CAFÉ PERGAMINO SECO DE FLUJO CONTINUO, CAPACIDAD 180 KG/Hr, MOTOR 1,5 HP A 1750 RPM MONOFASICO (110V-220V) 60Hz; SWITCH ON - OFF; DIMENSIONES 133CM(ALTO) X 40 CM(ANCHO) X 90CM(PROFUNDIDAD); EN ACERO INOXIDABLE, PINTURA ELECTROSTATICA Y CROMO | C18: UND | D18: 3 | E18: =5000000*1.1 -> 5500000 | F18: =+E18*D18 -> 16500000 | H18: =5000000*1.1 -> 5500000 | I18: 4950000 | J18: 0
A19: 2.3 | B19: ZARANDA SELECCIONADOR POR TAMAÑO PARA CAFÉ TIPO ALMENDRA; CAPCAIDAD 100-300 KG/Hr; MOTOR 3/4 HP 1750 RPM MONOFASICO (110V-220V) 60 Hz; 104CM (ALTO) X 88CM (ANCHO) X 180CM (PROFUNDIDAD); ZARANDAS EN ALUMINIO INOCUO, ACERO INOXIDABLE Y PINTURA ELECTROSTATICA; PESO 100 KG. INCLUYE ACCESORIOS | C19: UND | D19: 3 | E19: =9500000*1.1 -> 10450000 | F19: =+E19*D19 -> 31350000 | H19: =9500000*1.1 -> 10450000 | I19: 0 | J19: 0
A20: 2.4 | B20: SELLADORA AUTOMATICA DE CALOR CONSTANTE PARA BOLSAS PLASTICAS; CAPCIADAD 25 BOLSAS X MINUTO; REDUCTOR 40 W MONOFASICO 110V 60Hz; CON CONTROLADOR DE TEMPERATURA, SWITCH ON-OFF; 25CM (ALTO) X 18CM (ANCHO) X 25CM (PROFUNDIDAD); PINTURA ELECTROSTATICA Y BRONCE; PESO 8 KG. INCLUYE ACCESORIOS | C20: UND | D20: 3 | E20: =3808000*1.1 -> 4188800 | F20: =+E20*D20 -> 12566400 | H20: =3808000*1.1 -> 4188800 | I20: 0 | J20: 0
A21: 2.5 | B21: MOLINO PARA CAFÉ, CAPACIDAD 30 KG/Hr; MOTOR 3/4 HP 120V 60Hz 9AMP, SWITCH ON-OFF SISTEMA DE SEGURIDAD PARA ENCENDIDO CON BOLSA UBICADA; 69,1CM (ALTO) X 18,8CM (ANCHO) X 40,4CM (PROFUNDIDAD); EN ACERO INOXIDABLE, ACERO AL CARBON Y PLASTICO; INCLUYE ACCESORIOS | C21: UND | D21: 3 | E21: =5890500*1.1 -> 6479550 | F21: =+E21*D21 -> 19438650 | H21: =5890500*1.1 -> 6479550 | I21: 0 | J21: 0
A22: 3 | B22: EQUIPOS PARA LABORATORIO DE CAFÉ | F22: =SUM(F23:F41) -> 252547073 | H22: TALLERES INMCAFF | I22: PROMAIN INGENIERIA | J22: INSAK SAS
A23: 3.1 | B23: BALANZA ELECTRONICA DE PRESICION (0,1 - 1000 Gr) | C23: UND | D23: 3 | E23: =1428000*1.1 -> 1570800 | F23: =+E23*D23 -> 4712400 | H23: =1428000*1.1 -> 1570800 | I23: =2200000*1.19 -> 2618000 | J23: 0
A24: 3.2 | B24: DETERMINADOR DE HUMEDAD PARA VARIOS GRANOS, CON INDICACION DE % DE HUMEDAD Y TEMPERATURA DE LA MUESTRA EN FORMA DIGITAL | C24: UND | D24: 3 | E24: =3927000*1.1 -> 4319700 | F24: =+E24*D24 -> 12959100 | H24: =3927000*1.1 -> 4319700 | I24: 7250000 | J24: 0
A25: 3.3 | B25: TOSTADORA LABORARTORIO PARA CAFÉ A GAS PROPANO, CAPACIADAD 80-100 GR DE CAFÉ VERDE ALMENDRA | C25: UND | D25: 3 | E25: =36900000*1.1 -> 40590000 | F25: =+E25*D25 -> 121770000 | H25: =36900000*1.1 -> 40590000 | I25: =41850000*1.19 -> 49801500 | J25: 0
A26: 3.4 | B26: MOLINO PARA CAFÉ, CAPACIDAD TOLVA 2 LBS, MOLIENDA RAPIDA 2 LBS/60 SEGUNDOS, CON AJUSTE PARA GRANULOMETRIAS DIFERENTES, 120 V 1320W 11 Amp, 17,8CM (ANCHO) X 87,2CM (ALTO) X 40,2CM (PROFUNDIDAD) | C26: UND | D26: 3 | E26: =6188000*1.1 -> 6806800 | F26: =+E26*D26 -> 20420400 | H26: =6188000*1.1 -> 6806800 | I26: =6600000*1.19 -> 7854000 | J26: 0
A27: 3.5 | B27: CAFETERA CON COMPONENTES INTERNOS EN ACERO INOXIDABLE, CON CAPACIADAD PARA TERMOS DE 1,9 A 2,5 L; 110V 1320W 11 Amp; CAPCAIDAD 14,4 L/HORA | C27: UND | D27: 3 | E27: =2116000*1.1 -> 2327600 | F27: =+E27*D27 -> 6982800 | H27: =2116000*1.1 -> 2327600 | I27: 0 | J27: 0
A28: 3.6 | B28: CALENTADOR DE AGUA, CAPACIDAD 2 GLN; 110V 1800W 15 Amp; PESO 10,4 KG; 18CM (ANCHO) X 61CM (ALTO) X 36,3CM (PROFUNDIDAD) | C28: UND | D28: 3 | E28: =4233306*1.1 -> 4656636.6 | F28: =ROUND(+E28*D28,0) -> 13969910 | H28: =4233306*1.1 -> 4656636.6 | I28: =2900000*1.19 -> 3451000 | J28: 0
A29: 3.7 | B29: SISTEMA FILTRANTE, CAPACIDAD DE FILTRACION DE AGUA 5 GPM (18,9 Lpm); PRESION DEL AGUA 10-125 PSI. (certificado NSF / ANSI Standard 53 para reducir quistes como Cryptosporidium y Giardia por medios mecánicos; acreditado por la ISO 17025 sobre la capacidad para reducir el 99.999% de Pseudomonas diminuta, siguiendo el ASTM F838-05 y sobre filtros de grado esterilizante con el protocolo para la validación de 0.2 μm.) | C29: UND | D29: 3 | E29: =2487100*1.1 -> 2735810 | F29: =+E29*D29 -> 8207430 | H29: =2487100*1.1 -> 2735810 | I29: =4350000*1.19 -> 5176500 | J29: 0
A30: 3.8 | B30: JARRA TERMO 1,9 L; EN ACERO INOXIDABLE, MANIJA PLASTICA; PESO 1,5 KG; 18,4CM (ALTO) X 16,5CM (ANCHO) | C30: UND | D30: 3 | E30: =279701*1.1 -> 307671.1 | F30: =ROUND(+E30*D30,0) -> 923013 | H30: =279701*1.1 -> 307671.1 | I30: 0 | J30: 0
A31: 3.9 | B31: LIMPIADOR EQUIPOS DE CAFÉ; PRESENTACION 120 TABLETAS; 1 TABLETA PARA 6 L DE AGUA LIMPIA | C31: UND | D31: 3 | E31: =102809*1.1 -> 113089.9 | F31: =ROUND(+E31*D31,0) -> 339270 | H31: =102809*1.1 -> 113089.9 | I31: 0 | J31: 0
A32: 3.1 | B32: KIT NARIZ DEL CAFÉ; 36 FRASCOS CON AROMAS | C32: UND | D32: 3 | E32: =2201500*1.1 -> 2421650 | F32: =+E32*D32 -> 7264950 | H32: =2201500*1.1 -> 2421650 | I32: 3400000 | J32: 0
A33: 3.11 | B33: BANDEJA PARA MUESTRA DE CAFÉ, CAPCIDAD 150 A 200 GR | C33: UND | D33: 30 | E33: =15000*1.1 -> 16500 | F33: =+E33*D33 -> 495000 | H33: =15000*1.1 -> 16500 | I33: =18000*1.19 -> 21420 | J33: 0
A34: 3.12 | B34: CUCHARA CATACION SENCILLA EN ACERO INOXIDABLE; DIAMETRO 4 CM; MANGO 10,5CM | C34: UND | D34: 15 | E34: =20230*1.1 -> 22253 | F34: =+E34*D34 -> 333795 | H34: =20230*1.1 -> 22253 | I34: =133333.33*1.19 -> 158666.66 | J34: 0
A35: 3.13 | B35: CUCHARA PARA MUESTRA DE TOSTADORA; EN ACERO INOXIDABLE | C35: UND | D35: 3 | E35: =29750*1.1 -> 32725 | F35: =+E35*D35 -> 98175 | H35: =29750*1.1 -> 32725 | I35: 0 | J35: 0
A36: 3.14 | B36: CRONOMETRO DIGITAL PARA LABORATORIO; Max cuenta regresiva 99 min 59 Seg. | C36: UND | D36: 3 | E36: =71400*1.1 -> 78540 | F36: =+E36*D36 -> 235620 | H36: =71400*1.1 -> 78540 | I36: 0 | J36: 0
A37: 3.15 | B37: TERMOHIGROMETRO DIGITAL | C37: UND | D37: 3 | E37: =142800*1.1 -> 157080 | F37: =+E37*D37 -> 471240 | H37: =142800*1.1 -> 157080 | I37: =380000*1.19 -> 452200 | J37: 0
A38: 3.16 | B38: SONDA CHUZO PARA CAFÉ PERGAMINO SECO, 1 1/4" (DIAMETRO) X 75 CM (LARGO); EN CROMO | C38: UND | D38: 3 | E38: =105900*1.1 -> 116490 | F38: =+E38*D38 -> 349470 | H38: =105900*1.1 -> 116490 | I38: =550000*1.19 -> 654500 | J38: 0
A39: 3.17 | B39: COLORIMETRO DIGITAL PARA CAFÉ | C39: UND | D39: 3 | E39: =10115000*1.1 -> 11126500 | F39: =+E39*D39 -> 33379500 | H39: =10115000*1.1 -> 11126500 | I39: 0 | J39: 57576960
A40: 3.18 | B40: JUEGO DE MALLAS O TAMICES (7 TAMICES DE 12/64” – 13/64”– 14/64” – 15/64” – 16/64” -17/64”– 18/64”), EN Coll rolled calibre 22 y bordes en madera; INCLUYE Malla 0 o base y tapa | C40: UND | D40: 3 | E40: =952000*1.1 -> 1047200 | F40: =+E40*D40 -> 3141600 | H40: =952000*1.1 -> 1047200 | I40: =2150000*1.19 -> 2558500 | J40: 0
A41: 3.19 | B41: HOMOGENIZADOR TIPO BOERNER; FABRICADO EN Bronce y Acero inoxidable; CAPACIDAD Pergamino: 10 kg, Almendra: 3 kg. | C41: UND | D41: 3 | E41: =4998000*1.1 -> 5497800 | F41: =+E41*D41 -> 16493400 | H41: =4998000*1.1 -> 5497800 | I41: =7200000*1.19 -> 8568000 | J41: 0
B42: TOTAL COSTO DIRECTO | F42: =+F9+F5 -> 1302791103
B46: ING. FREDDY ALEXANDER GONZALEZ BARRERA
B47: Profesional de Apoyo SEDAM

Sheet Hoja2
C4: PROGRAMA 10: DOTACION MAQUINARIA Y EQUIPOS PARA LA TRANSFORMACION DE PRODUCTOS AGROPECUARIOS (SILOS, TORREFACTORAS, EMPACADORAS, PLANTA DE PILADORA DE ARROZ)
C5: # | D5: Estado | E5: Valor | F5: Valor cofinanciado Munipio | G5: Aporte del Dpto | H5: Beneficiarios
B6: N | C6: =SUM(C7:C44) -> 1126 | D6: EN FORMULACION | E6: =+G6+H6 -> 1688049493 | F6: 0 | G6: =SUM(G7:G44) -> 1638049494 | H6: =SUM(H7:H44) -> 49999999
B7: MUNICIPIO
B8: Acevedo | C8: 65 | G8: 152000000 | H8: 0
B9: Agrado
B10: Aipe
B11: Algeciras
B12: Altamira
B13: Baraya
B14: Campoalegre
B15: Colombia | C15: 40 | G15: =42857142+80000000 -> 122857142 | H15: 7142857
B16: Elias
B17: Garzón
B18: Gigante
B19: Guadalupe
B20: Hobo
B21: Iquira | C21: 126 | G21: 70000000
B22: Isnos
B23: La argentina
B24: La Plata | C24: 60 | G24: =+G31*2 -> 85714284 | H24: =+H31*2 -> 14285714
B25: Nátaga
B26: Neiva
B27: Oporapa
B28: Paicol
B29: Palermo | C29: =35+80 -> 115 | G29: =(62870*3850)+152000000 -> 394049500
B30: Palestina
B31: Pital | C31: 50 | G31: 42857142 | H31: 7142857
B32: Pitalito | G32: 280000000
B33: Rivera
B34: Saladoblanco
B35: San Agustín | C35: 110 | G35: =+G36*2 -> 85714284 | H35: =+H36*2 -> 14285714
B36: Santa Maria | C36: 150 | G36: 42857142 | H36: 7142857
B37: Suaza
B38: Tarqui | C38: 350 | G38: 140000000
B39: Tello | C39: 25 | G39: 70000000
B40: Teruel | C40: 35 | G40: 152000000
B41: Tesalia
B42: Timaná
B43: Villavieja
B44: Yaguará

Sheet Hoja3
B2: TALLERES INMCAFF
B3: NUEVA DIRECCION
B4: CALLE 72b No 83a-10 sur
B5: Tel: 3133999739
B6: NIT. 80245515-4 REGIMEN SIMPLIFICADO
B7: Bogotá
F8: OFERTA | G8: JULIO 2022/298
B10: CLIENTE: SECRETARIA DE AGRICULTURA Y MINERIA - GOB. HUILA
B11: CONTACTO: DILBERTO TRUJILLO DUSSAN | F11: FECHA: | G11: 44770
B12: CORREO: sec.agricultura@huila.gov.co
B13: TEL/FAC:
B14: CIUDAD: NEIVA
B16: Nuestra compañía pone a disposición de sus clientes equipos diseñados y elaborados con talento humano altamente calificado, materiales de alta calidad y su bien mas preciado la experiencia que va del principio al final del ciclo productivo del café, para que potencialicen su portafolio de negocios.
B18: Apreciados Señores, a continuacion pongo a su consideracion la siguiente oferta:
B20: EQUIPOS DE LABORATORIO Y DE PROCESAMIENTO PARA CAFÉ
B21: ITEM | C21: DESCRIPCION | D21: UNIDAD | E21: CANTIDAD | F21: VALOR UNITARIO | G21: VALOR TOTAL
B22: 1 | C22: BALANZA ELECTRONICA DE PRESICION (0,1 - 1000 Gr) | D22: UND | E22: 1 | F22: =1428000*1.1 -> 1570800 | G22: =+F22*E22 -> 1570800
B23: 2 | C23: DETERMINADOR DE HUMEDAD PARA VARIOS GRANOS, CON INDICACION DE % DE HUMEDAD Y TEMPERATURA DE LA MUESTRA EN FORMA DIGITAL | D23: UND | E23: 1 | F23: =3927000*1.1 -> 4319700 | G23: =+F23*E23 -> 4319700
B24: 3 | C24: TOSTADORA LABORARTORIO PARA CAFÉ A GAS PROPANO, CAPACIADAD 80-100 GR DE CAFÉ VERDE ALMENDRA | D24: UND | E24: 1 | F24: =36900000*1.1 -> 40590000 | G24: =+F24*E24 -> 40590000
B25: 4 | C25: MOLINO PARA CAFÉ, CAPACIDAD TOLVA 2 LBS, MOLIENDA RAPIDA 2 LBS/60 SEGUNDOS, CON AJUSTE PARA GRANULOMETRIAS DIFERENTES, 120 V 1320W 11 Amp, 17,8CM (ANCHO) X 87,2CM (ALTO) X 40,2CM (PROFUNDIDAD) | D25: UND | E25: 1 | F25: =6188000*1.1 -> 6806800 | G25: =+F25*E25 -> 6806800
B26: 5 | C26: CAFETERA CON COMPONENTES INTERNOS EN ACERO INOXIDABLE, CON CAPACIADAD PARA TERMOS DE 1,9 A 2,5 L; 110V 1320W 11 Amp; CAPCAIDAD 14,4 L/HORA | D26: UND | E26: 1 | F26: =2116000*1.1 -> 2327600 | G26: =+F26*E26 -> 2327600
B27: 6 | C27: CALENTADOR DE AGUA, CAPACIDAD 2 GLN; 110V 1800W 15 Amp; PESO 10,4 KG; 18CM (ANCHO) X 61CM (ALTO) X 36,3CM (PROFUNDIDAD) | D27: UND | E27: 1 | F27: =4233306*1.1 -> 4656636.6 | G27: =+F27*E27 -> 4656636.6
B28: 7 | C28: SISTEMA FILTRANTE, CAPACIDAD DE FILTRACION DE AGUA 5 GPM (18,9 Lpm); PRESION DEL AGUA 10-125 PSI. (certificado NSF / ANSI Standard 53 para reducir quistes como Cryptosporidium y Giardia por medios mecánicos; acreditado por la ISO 17025 sobre la capacidad para reducir el 99.999% de Pseudomonas diminuta, siguiendo el ASTM F838-05 y sobre filtros de grado esterilizante con el protocolo para la validación de 0.2 μm.) | D28: UND | E28: 1 | F28: =2487100*1.1 -> 2735810 | G28: =+F28*E28 -> 2735810
B29: 8 | C29: JARRA TERMO 1,9 L; EN ACERO INOXIDABLE, MANIJA PLASTICA; PESO 1,5 KG; 18,4CM (ALTO) X 16,5CM (ANCHO) | D29: UND | E29: 1 | F29: =279701*1.1 -> 307671.1 | G29: =+F29*E29 -> 307671.1
B30: 9 | C30: LIMPIADOR EQUIPOS DE CAFÉ; PRESENTACION 120 TABLETAS; 1 TABLETA PARA 6 L DE AGUA LIMPIA | D30: UND | E30: 1 | F30: =102809*1.1 -> 113089.9 | G30: =+F30*E30 -> 113089.9
B31: 10 | C31: KIT NARIZ DEL CAFÉ; 36 FRASCOS CON AROMAS | D31: UND | E31: 1 | F31: =2201500*1.1 -> 2421650 | G31: =+F31*E31 -> 2421650
B32: 11 | C32: BANDEJA PARA MUESTRA DE CAFÉ, CAPCIDAD 150 A 200 GR | D32: UND | E32: 10 | F32: =15000*1.1 -> 16500 | G32: =+F32*E32 -> 165000
B33: 12 | C33: CUCHARA CATACION SENCILLA EN ACERO INOXIDABLE; DIAMETRO 4 CM; MANGO 10,5CM | D33: UND | E33: 1 | F33: =20230*1.1 -> 22253 | G33: =+F33*E33 -> 22253
B34: 13 | C34: CUCHARA PARA MUESTRA DE TOSTADORA; EN ACERO INOXIDABLE | D34: UND | E34: 1 | F34: =29750*1.1 -> 32725 | G34: =+F34*E34 -> 32725
B35: 14 | C35: CRONOMETRO DIGITAL PARA LABORATORIO; Max cuenta regresiva 99 min 59 Seg. | D35: UND | E35: 1 | F35: =71400*1.1 -> 78540 | G35: =+F35*E35 -> 78540
B36: 15 | C36: TERMOHIGROMETRO DIGITAL | D36: UND | E36: 1 | F36: =142800*1.1 -> 157080 | G36: =+F36*E36 -> 157080
B37: 16 | C37: SONDA CHUZO PARA CAFÉ PERGAMINO SECO, 1 1/4" (DIAMETRO) X 75 CM (LARGO); EN CROMO | D37: UND | E37: 1 | F37: =105900*1.1 -> 116490 | G37: =+F37*E37 -> 116490
B38: 17 | C38: COLORIMETRO DIGITAL PARA CAFÉ | D38: UND | E38: 1 | F38: =10115000*1.1 -> 11126500 | G38: =+F38*E38 -> 11126500
B39: 18 | C39: JUEGO DE MALLAS O TAMICES (7 TAMICES DE 12/64” – 13/64”– 14/64” – 15/64” – 16/64” -17/64”– 18/64”), EN Coll rolled calibre 22 y bordes en madera; INCLUYE Malla 0 o base y tapa | D39: UND | E39: 1 | F39: =952000*1.1 -> 1047200 | G39: =+F39*E39 -> 1047200
B40: 19 | C40: HOMOGENIZADOR TIPO BOERNER; FABRICADO EN Bronce y Acero inoxidable; CAPACIDAD Pergamino: 10 kg, Almendra: 3 kg. | D40: UND | E40: 1 | F40: =4998000*1.1 -> 5497800 | G40: =+F40*E40 -> 5497800
B41: 20 | C41: TOSTADORA PARA CAFÉ A GAS PROPANO, CAPCIDAD DE 6KG POR BACHE (15-20 MINUTOS) A 110V - 60Hz, CON TABLERO ELECTRICO CON INDICADOR DE TEMPERATURA, ON-OFF MOTORES. DIMENSION 110CM(ALTO) X 77CM(ANCHO) X 115CM(PRODUNDIDAD), EN ACERO INOXDABLE QUE CUMPLA NORMA PARA ALIMENTOS. PESO MAX. 100KG. INCLUYE ACCESORIOS | D41: UND | E41: 1 | F41: =21420000*1.1 -> 23562000 | G41: =+F41*E41 -> 23562000
B42: 21 | C42: TRILLADORA DE CAFÉ PERGAMINO SECO DE FLUJO CONTINUO, CAPACIDAD 180 KG/Hr, MOTOR 1,5 HP A 1750 RPM MONOFASICO (110V-220V) 60Hz; SWITCH ON - OFF; DIMENSIONES 133CM(ALTO) X 40 CM(ANCHO) X 90CM(PROFUNDIDAD); EN ACERO INOXIDABLE, PINTURA ELECTROSTATICA Y CROMO | D42: UND | E42: 1 | F42: =5000000*1.1 -> 5500000 | G42: =+F42*E42 -> 5500000
B43: 22 | C43: ZARANDA SELECCIONADOR POR TAMAÑO PARA CAFÉ TIPO ALMENDRA; CAPCAIDAD 100-300 KG/Hr; MOTOR 3/4 HP 1750 RPM MONOFASICO (110V-220V) 60 Hz; 104CM (ALTO) X 88CM (ANCHO) X 180CM (PROFUNDIDAD); ZARANDAS EN ALUMINIO INOCUO, ACERO INOXIDABLE Y PINTURA ELECTROSTATICA; PESO 100 KG. INCLUYE ACCESORIOS | D43: UND | E43: 1 | F43: =9500000*1.1 -> 10450000 | G43: =+F43*E43 -> 10450000
B44: 23 | C44: SELLADORA AUTOMATICA DE CALOR CONSTANTE PARA BOLSAS PLASTICAS; CAPCIADAD 25 BOLSAS X MINUTO; REDUCTOR 40 W MONOFASICO 110V 60Hz; CON CONTROLADOR DE TEMPERATURA, SWITCH ON-OFF; 25CM (ALTO) X 18CM (ANCHO) X 25CM (PROFUNDIDAD); PINTURA ELECTROSTATICA Y BRONCE; PESO 8 KG. INCLUYE ACCESORIOS | D44: UND | E44: 1 | F44: =3808000*1.1 -> 4188800 | G44: =+F44*E44 -> 4188800
B45: 24 | C45: MOLINO PARA CAFÉ, CAPACIDAD 30 KG/Hr; MOTOR 3/4 HP 120V 60Hz 9AMP, SWITCH ON-OFF SISTEMA DE SEGURIDAD PARA ENCENDIDO CON BOLSA UBICADA; 69,1CM (ALTO) X 18,8CM (ANCHO) X 40,4CM (PROFUNDIDAD); EN ACERO INOXIDABLE, ACERO AL CARBON Y PLASTICO; INCLUYE ACCESORIOS | D45: UND | E45: 1 | F45: =5890500*1.1 -> 6479550 | G45: =+F45*E45 -> 6479550
C46: VALOR TOTAL DE LA OFERTA IVA INLCUIDO | G46: =SUM(G22:G40) -> 84093346
B48: Plazo de Entrega | C48: El despacho se efectuará desde fábrica dentro de los 105 Dias habiles siguientes a la fecha de recibo en orden del giro directo, y orden de compra.
B49: Forma de Pago | C49: 50% primer pago 50% Al momento de la entrega Los pagos deberán hacerse a nombre de: WILMER PAEZ AGUIRRE en Bancolombia cuenta de ahorros No 10081542096
B50: Garantia por Fabricación | C50: 1 año por defectos de fabricación
B51: Validez de la Oferta | C51: 30 días

Sheet LABORATORIO 
B4: ITEM | C4: EQUIPOS PARA LABORATORIO DE CAFÉ | D4: UNIDAD | E4: CANTIDAD
B5: 1 | C5: BALANZA ELECTRONICA DE PRESICION (0,1 - 1000 Gr) | D5: UND | E5: 1
B6: =+B5+1 -> 2 | C6: DETERMINADOR DE HUMEDAD PARA VARIOS GRANOS, CON INDICACION DE % DE HUMEDAD Y TEMPERATURA DE LA MUESTRA EN FORMA DIGITAL | D6: UND | E6: 1
B7: =+B6+1 -> 3 | C7: TOSTADORA LABORARTORIO PARA CAFÉ A GAS PROPANO, CAPACIADAD 80-100 GR DE CAFÉ VERDE ALMENDRA | D7: UND | E7: 1
B8: =+B7+1 -> 4 | C8: MOLINO PARA CAFÉ, CAPACIDAD TOLVA 2 LBS, MOLIENDA RAPIDA 2 LBS/60 SEGUNDOS, CON AJUSTE PARA GRANULOMETRIAS DIFERENTES, 120 V 1320W 11 Amp, 17,8CM (ANCHO) X 87,2CM (ALTO) X 40,2CM (PROFUNDIDAD) | D8: UND | E8: 1
B9: =+B8+1 -> 5 | C9: CAFETERA CON COMPONENTES INTERNOS EN ACERO INOXIDABLE, CON CAPACIADAD PARA TERMOS DE 1,9 A 2,5 L; 110V 1320W 11 Amp; CAPCAIDAD 14,4 L/HORA | D9: UND | E9: 1
B10: =+B9+1 -> 6 | C10: CALENTADOR DE AGUA, CAPACIDAD 2 GLN; 110V 1800W 15 Amp; PESO 10,4 KG; 18CM (ANCHO) X 61CM (ALTO) X 36,3CM (PROFUNDIDAD) | D10: UND | E10: 1
B11: =+B10+1 -> 7 | C11: SISTEMA FILTRANTE, CAPACIDAD DE FILTRACION DE AGUA 5 GPM (18,9 Lpm); PRESION DEL AGUA 10-125 PSI. (certificado NSF / ANSI Standard 53 para reducir quistes como Cryptosporidium y Giardia por medios mecánicos; acreditado por la ISO 17025 sobre la capacidad para reducir el 99.999% de Pseudomonas diminuta, siguiendo el ASTM F838-05 y sobre filtros de grado esterilizante con el protocolo para la validación de 0.2 μm.) | D11: UND | E11: 1
B12: =+B11+1 -> 8 | C12: JARRA TERMO 1,9 L; EN ACERO INOXIDABLE, MANIJA PLASTICA; PESO 1,5 KG; 18,4CM (ALTO) X 16,5CM (ANCHO) | D12: UND | E12: 1
B13: =+B12+1 -> 9 | C13: LIMPIADOR EQUIPOS DE CAFÉ; PRESENTACION 120 TABLETAS; 1 TABLETA PARA 6 L DE AGUA LIMPIA | D13: UND | E13: 1
B14: =+B13+1 -> 10 | C14: KIT NARIZ DEL CAFÉ; 36 FRASCOS CON AROMAS | D14: UND | E14: 1
B15: =+B14+1 -> 11 | C15: BANDEJA PARA MUESTRA DE CAFÉ, CAPCIDAD 150 A 200 GR | D15: UND | E15: 10
B16: =+B15+1 -> 12 | C16: CUCHARA CATACION SENCILLA EN ACERO INOXIDABLE; DIAMETRO 4 CM; MANGO 10,5CM | D16: UND | E16: 5
B17: =+B16+1 -> 13 | C17: CUCHARA PARA MUESTRA DE TOSTADORA; EN ACERO INOXIDABLE | D17: UND | E17: 1
... B23: =+B22+1 -> 19 | C23: HOMOGENIZADOR TIPO BOERNER; FABRICADO EN Bronce y Acero inoxidable; CAPACIDAD Pergamino: 10 kg, Almendra: 3 kg. | D23: UND | E23: 1

Sheet NECESIDADES
A2: PRESUPUESTO
A4: ITEM | B4: DESCRIPCION | C4: UNIDAD | D4: CANTIDAD | E4: VALOR UNITARIO | F4: VALOR TOTAL
A5: I | B5: PRODUCTO FRIJOL | F5: =+F6 -> 0
A6: 1 | B6: EQUIPOS PARA FRIJOL | F6: =+F7+F8 -> 0
A7: 1.1 | B7: SUMINISTRO DE EMPAQUETADORAS DE FRIJOL. 30 EMPAQUES X MINUTO DE 500 O 1000 GR | C7: UND | D7: 8 | F7: =+E7*D7 -> 0
A8: 1.2 | B8: EMPAQUE - BOLSA PLASTICA TUBULAR IMPRESA POR AMBAS CARAS A CUATRO TINTAS PARA EMPACADO DE FRIJOL EN PRESENTACION DE BOLSAX500GR BOLSA X 1000 GR | C8: KG | D8: 1500 | F8: =+E8*D8 -> 0
A9: ITEM | B9: DESCRIPCION | C9: UNIDAD | D9: CANTIDAD | E9: VALOR UNITARIO | F9: VALOR TOTAL
A10: II | B10: PRODUCTO ARROZ | F10: =+F11 -> 0
A11: 1 | B11: EQUIPOS PARA ARROZ | F11: =+F12 -> 0
A12: 1.1 | B12: PLANTA COMPACTA DEPILADORA DE ARROZ CON CAPACIDAD MINIMA DE 1000 KG/HORA, A 220 V. (MIN.- 24 TON/DIA). SOBRE PLATAFORMA DE ACERO | C12: UND | D12: 1 | F12: =+E12*D12 -> 0
A13: ITEM | B13: DESCRIPCION | C13: UNIDAD | D13: CANTIDAD | E13: VALOR UNITARIO | F13: VALOR TOTAL
A14: II | B14: PRODUCTO CAFÉ | F14: =+F15+F19+F25 -> 0
A15: 1 | B15: EQUIPOS PARA SECADO DE CAFÉ | F15: =+F16+F17+F18 -> 0
A16: 1.1 | B16: SISTEMA DE SECADO PARA PERGAMINO HUMEDO DE CAFÉ TIPO ROTATIVO Y/O DE TORRE CON CAPACIADAD PARA 1 TONELADA DE PERGAMINO SECO | C16: UND | D16: 7 | F16: =+E16*D16 -> 0
A17: 1.2 | B17: SISTEMA DE SECADO PARA PERGAMINO HUMEDO DE CAFÉ TIPO ROTATIVO Y/O DE TORRE CON CAPACIADAD PARA 2 TONELADA DE PERGAMINO SECO | C17: UND | D17: 3 | F17: =+E17*D17 -> 0
A18: 1.3 | B18: SISTEMA DE SECADO PARA PERGAMINO HUMEDO DE CAFÉ TIPO ROTATIVO Y/O DE TORRE CON CAPACIADAD PARA 3 TONELADA DE PERGAMINO SECO | C18: UND | D18: 3 | F18: =+E18*D18 -> 0
A19: 2 | B19: EQUIPOS PARA TOSTION | F19: =SUM(F20:F24) -> 0
A20: 2.1 | B20: TOSTADORA PARA CAFÉ A GAS PROPANO, CAPCIDAD DE 6KG POR BACHE (15-20 MINUTOS) A 110V - 60Hz, CON TABLERO ELECTRICO CON INDICADOR DE TEMPERATURA, ON-OFF MOTORES. DIMENSION 110CM(ALTO) X 77CM(ANCHO) X 115CM(PRODUNDIDAD), EN ACERO INOXDABLE QUE CUMPLA NORMA PARA ALIMENTOS. PESO MAX. 100KG. INCLUYE ACCESORIOS | C20: UND | D20: 3 | F20: =+E20*D20 -> 0
A21: 2.2 | B21: TRILLADORA DE CAFÉ PERGAMINO SECO DE FLUJO CONTINUO, CAPACIDAD 180 KG/Hr, MOTOR 1,5 HP A 1750 RPM MONOFASICO (110V-220V) 60Hz; SWITCH ON - OFF; DIMENSIONES 133CM(ALTO) X 40 CM(ANCHO) X 90CM(PROFUNDIDAD); EN ACERO INOXIDABLE, PINTURA ELECTROSTATICA Y CROMO | C21: UND | D21: 3 | F21: =+E21*D21 -> 0
A22: 2.3 | B22: ZARANDA SELECCIONADOR POR TAMAÑO PARA CAFÉ TIPO ALMENDRA; CAPCAIDAD 100-300 KG/Hr; MOTOR 3/4 HP 1750 RPM MONOFASICO (110V-220V) 60 Hz; 104CM (ALTO) X 88CM (ANCHO) X 180CM (PROFUNDIDAD); ZARANDAS EN ALUMINIO INOCUO, ACERO INOXIDABLE Y PINTURA ELECTROSTATICA; PESO 100 KG. INCLUYE ACCESORIOS | C22: UND | D22: 3 | F22: =+E22*D22 -> 0
A23: 2.4 | B23: SELLADORA AUTOMATICA DE CALOR CONSTANTE PARA BOLSAS PLASTICAS; CAPCIADAD 25 BOLSAS X MINUTO; REDUCTOR 40 W MONOFASICO 110V 60Hz; CON CONTROLADOR DE TEMPERATURA, SWITCH ON-OFF; 35CM (ALTO) X 30CM (ANCHO) X 40CM (PROFUNDIDAD); PINTURA ELECTROSTATICA Y BRONCE; PESO 8 KG. INCLUYE ACCESORIOS | C23: UND | D23: 3 | F23: =+E23*D23 -> 0
A24: 2.5 | B24: MOLINO PARA CAFÉ, CAPACIDAD 30 KG/Hr; MOTOR 3/4 HP 120V 60Hz 9AMP, SWITCH ON-OFF SISTEMA DE SEGURIDAD PARA ENCENDIDO CON BOLSA UBICADA; 69,1CM (ALTO) X 18,8CM (ANCHO) X 40,4CM (PROFUNDIDAD); EN ACERO INOXIDABLE, ACERO AL CARBON Y PLASTICO; INCLUYE ACCESORIOS | C24: UND | D24: 3 | F24: =+E24*D24 -> 0
A25: 3 | B25: EQUIPOS PARA LABORATORIO DE CAFÉ | F25: =SUM(F26:F44) -> 0
A26: 3.1 | B26: BALANZA ELECTRONICA DE PRESICION (0,1 - 1000 Gr) | C26: UND | D26: 2 | F26: =+E26*D26 -> 0
A27: 3.2 | B27: DETERMINADOR DE HUMEDAD PARA VARIOS GRANOS, CON INDICACION DE % DE HUMEDAD Y TEMPERATURA DE LA MUESTRA EN FORMA DIGITAL | C27: UND | D27: 2 | F27: =+E27*D27 -> 0
A28: 3.3 | B28: TOSTADORA LABORARTORIO PARA CAFÉ A GAS PROPANO, CAPACIADAD 80-100 GR DE CAFÉ VERDE ALMENDRA | C28: UND | D28: 2 | F28: =+E28*D28 -> 0
A29: 3.4 | B29: MOLINO PARA CAFÉ, CAPACIDAD TOLVA 2 LBS, MOLIENDA RAPIDA 2 LBS/60 SEGUNDOS, CON AJUSTE PARA GRANULOMETRIAS DIFERENTES, 120 V 1320W 11 Amp, 17,8CM (ANCHO) X 87,2CM (ALTO) X 40,2CM (PROFUNDIDAD) | C29: UND | D29: 2 | F29: =+E29*D29 -> 0
A30: 3.5 | B30: CAFETERA CON COMPONENTES INTERNOS EN ACERO INOXIDABLE, CON CAPACIADAD PARA TERMOS DE 1,9 A 2,5 L; 110V 1320W 11 Amp; CAPCAIDAD 14,4 L/HORA | C30: UND | D30: 2 | F30: =+E30*D30 -> 0
A31: 3.6 | B31: CALENTADOR DE AGUA, CAPACIDAD 2 GLN; 110V 1800W 15 Amp; PESO 10,4 KG; 18CM (ANCHO) X 61CM (ALTO) X 36,3CM (PROFUNDIDAD) | C31: UND | D31: 2 | F31: =+E31*D31 -> 0
A32: 3.7 | B32: SISTEMA FILTRANTE, CAPACIDAD DE FILTRACION DE AGUA 5 GPM (18,9 Lpm); PRESION DEL AGUA 10-125 PSI. (certificado NSF / ANSI Standard 53 para reducir quistes como Cryptosporidium y Giardia por medios mecánicos; acreditado por la ISO 17025 sobre la capacidad para reducir el 99.999% de Pseudomonas diminuta, siguiendo el ASTM F838-05 y sobre filtros de grado esterilizante con el protocolo para la validación de 0.2 μm.) | C32: UND | D32: 2 | F32: =+E32*D32 -> 0
A33: 3.8 | B33: JARRA TERMO 1,9 L; EN ACERO INOXIDABLE, MANIJA PLASTICA; PESO 1,5 KG; 18,4CM (ALTO) X 16,5CM (ANCHO) | C33: UND | D33: 2 | F33: =+E33*D33 -> 0
A34: 3.9 | B34: LIMPIADOR EQUIPOS DE CAFÉ; PRESENTACION 120 TABLETAS; 1 TABLETA PARA 6 L DE AGUA LIMPIA | C34: UND | D34: 2 | F34: =+E34*D34 -> 0
A35: 3.1 | B35: KIT NARIZ DEL CAFÉ; 36 FRASCOS CON AROMAS | C35: UND | D35: 2 | F35: =+E35*D35 -> 0
A36: 3.11 | B36: BANDEJA PARA MUESTRA DE CAFÉ, CAPCIDAD 150 A 200 GR | C36: UND | D36: 2 | F36: =+E36*D36 -> 0
A37: 3.12 | B37: CUCHARA CATACION SENCILLA EN ACERO INOXIDABLE; DIAMETRO 4 CM; MANGO 10,5CM | C37: UND | D37: 2 | F37: =+E37*D37 -> 0
... A44: 3.19 | B44: MOMOGENIZADOR TIPO BOERNER; FABRICADO EN Bronce y Acero inoxidable; CAPACIDAD Pergamino: 10 kg, Almendra: 3 kg. | C44: UND | D44: 2 | F44: =+E44*D44 -> 0
B45: TOTAL IVA INCLUIDO | F45: =+F14+F10+F5 -> 0
